Cogmind - Beta 16.1 @@@ ROGUE MODE // 2026.02.17 @ 23:55:07 Player: parasect Result: Escaped! Performance ------------- Evolutions (9) 4500 Regions Visited (40) 8000 Robots Destroyed (253) 1265 Value Destroyed (7729) 7729 Prototype IDs (67) 1340 Alien Tech Used (6) 1200 Bonus (9711) 9711 TOTAL SCORE: 33745 Bonus ------- High Alert Combat Kills 501 Follower Combat Kills 3020 Hunted by Unchained 500 Network Hubs Disabled 400 Met Data Miner 300 Met Zhirov 300 Met Warlord at Base 500 MAIN.C Attacked Warlord 500 Warlord Defense Kills 254 A7 Reached Mainframe 300 Met R17 at Cetus 500 Win 3000 Friendly Fire -364 Cogmind --------- Core Integrity 1465/1600 Matter 227/300 Energy 74/440 System Corruption 1% Temperature Warm (115) Movement Hovering (84) Ox1 Location To Epsilon Eridani Parts ------- > --- POWER (3) -------- Quantum Reactor Light Quantum Reactor Matter Drive > --- PROPULSION (9) --- Gyrokinetic Inverter Gyrokinetic Inverter Improved Gyrokinetic Inverter Improved Gyrokinetic Inverter Improved Gyrokinetic Inverter Antigrav Array Experimental Gyrokinetic Inverter Q-thruster > --- UTILITY (12) ----- Advanced Heat Sink Advanced Coolant Injector Large Storage Unit Structural Scanner Long-range Sensor Array Advanced Signal Interpreter Quantum Capacitor Advanced Transmission Jammer Experimental Weapon Shielding Layered Light Armor Plating Layered Light Armor Plating > --- WEAPON (2) ------- Matter Neutralizer Phasing Sabre > --- INVENTORY (15) --- Cooled Field Propulsion Drive Experimental Energy Well (600) Layered Light Armor Plating Vortex Driver (30) Enhanced Nova Cannon Enhanced Nova Cannon Enhanced Nova Cannon Enhanced Hardcell Cannon Peak State ------------ > --- POWER ------------ Quantum Reactor Light Quantum Reactor Matter Drive > --- PROPULSION ------- Gyrokinetic Inverter Gyrokinetic Inverter Improved Gyrokinetic Inverter Improved Gyrokinetic Inverter Improved Gyrokinetic Inverter Antigrav Array Experimental Gyrokinetic Inverter Q-thruster > --- UTILITY ---------- Advanced Heat Sink Advanced Coolant Injector Large Storage Unit Structural Scanner Long-range Sensor Array Advanced Signal Interpreter Quantum Capacitor Advanced Transmission Jammer Experimental Weapon Shielding Layered Light Armor Plating Layered Light Armor Plating > --- WEAPON ----------- Matter Neutralizer Phasing Sabre > --- INVENTORY -------- Cooled Field Propulsion Drive Experimental Energy Well Layered Light Armor Plating Vortex Driver Enhanced Nova Cannon Enhanced Nova Cannon Enhanced Nova Cannon Enhanced Hardcell Cannon [Rating: 179] Favorites ----------- Power Light Angular Momentum Engine Engine Light Angular Momentum Engine Power Core Fission Core Reactor Light Quantum Reactor Propulsion Combat Airjet Treads Light Treads Leg Aluminum Leg Wheel Armored Wheel Hover Unit Combat Airjet Flight Unit Improved Cesium-ion Thruster Utility Large Storage Unit Device Long-range Sensor Array Storage Large Storage Unit Processor Advanced Signal Interpreter Hackware Improved Hacking Suite Protection Centrium Medium Armor Plating Weapon Ripper Energy Gun Improved Medium Laser Energy Cannon Advanced Plasma Cannon Ballistic Gun Advanced KE Penetrator Ballistic Cannon Advanced Assault Cannon Launcher Proton Missile Launcher Special Weapon Remote Datajack Impact Weapon Powered Hammer Slashing Weapon Ripper Special Melee Weapon Datajack Build | -11 -10 -10 -9 -9 -9 -8 -8 -7 -7 -7 -7 -7 -7 -6 -6 -6 -6 -6 -6 -6 -6 -5 -5 -5 -5 -5 -5 -4 -4 -4 -4 -4 -4 -4 -3 -3 -3 -2 -2 -1 ------- Run | Yrd Mat Min Mat Min Exi Min Mat Fac Was Fac Low Low Dat Pro Fac Was Fac Ext Cet Arc Hub Fac Was Fac Upp Upp War Pro Fac Was Fac Upp Upp Zhi Pro Res Tes Res Qua Acc Slots Evolved 18 | . . . 2 . . . 2 2 . . . . . . 2 . . . . . . 2 . . . . . . 2 . . . . . . 2 . 2 . 2 Power 1 | . . . . . . . . . . . . . . . . . . . . . . . . . . . . . . . . . . . . . . 1 . . Propulsion 7 | . . . 1 . . . 1 . . . . . . . 2 . . . . . . . . . . . . . 1 . . . . . . 1 . 1 . . Utility 10 | . . . 1 . . . 1 2 . . . . . . . . . . . . . 2 . . . . . . 1 . . . . . . 1 . . . 2 Weapon . | . . . . . . . . . . . . . . . . . . . . . . . . . . . . . . . . . . . . . . . . . Parts Attached 332 | 1 11 4 34 5 2 . 8 50 . 7 1 3 . 2 12 3 13 4 7 10 2 1 1 20 3 11 17 2 17 3 11 4 3 2 . 18 6 22 6 6 Power 41 | . 3 1 2 1 . . . 2 . . . 2 . . 3 . . 1 . 2 . 1 . 4 1 1 3 . 2 1 . 1 . . . 2 . 5 3 . Engine 17 | . 3 . 2 1 . . . 2 . . . 1 . . 1 . . 1 . 2 . . . 2 . . . . . . . 1 . . . 1 . . . . Core 8 | . . 1 . . . . . . . . . 1 . . 2 . . . . . . 1 . 1 1 1 . . . . . . . . . . . . . . Reactor 16 | . . . . . . . . . . . . . . . . . . . . . . . . 1 . . 3 . 2 1 . . . . . 1 . 5 3 . Propulsion 79 | . 2 2 8 2 . . 3 21 . 2 . . . . 3 . 3 1 . . 1 . . 3 . 4 1 1 4 . 2 . 1 . . 6 2 3 1 3 Treads 13 | . 2 . 2 2 . . 3 4 . . . . . . . . . . . . . . . . . . . . . . . . . . . . . . . . Leg 5 | . . 2 3 . . . . . . . . . . . . . . . . . . . . . . . . . . . . . . . . . . . . . Wheel 3 | . . . 3 . . . . . . . . . . . . . . . . . . . . . . . . . . . . . . . . . . . . . Hover 56 | . . . . . . . . 16 . 2 . . . . 3 . 3 1 . . 1 . . 3 . 4 1 1 4 . 2 . 1 . . 6 2 3 1 2 Flight 2 | . . . . . . . . 1 . . . . . . . . . . . . . . . . . . . . . . . . . . . . . . . 1 Utility 145 | 1 3 1 13 1 1 . 2 18 . 1 . 1 . 1 3 1 5 1 4 6 . . 1 11 2 4 10 . 9 2 9 1 1 2 . 9 3 14 1 3 Device 78 | 1 1 1 5 . . . . 5 . 1 . . . 1 3 1 1 . 1 4 . . 1 8 . 2 7 . 7 2 6 . 1 . . 7 . 9 1 2 Storage 14 | . 1 . 1 . 1 . . 3 . . . . . . . . 1 . 1 . . . . . . . . . 1 . 1 . . 1 . 1 1 1 . . Processor 16 | . 1 . . . . . . 3 . . . 1 . . . . 2 . . . . . . 1 1 1 1 . 1 . . . . . . 1 2 1 . . Hackware 9 | . . . . . . . . 3 . . . . . . . . . . . 2 . . . 1 . . 1 . . . . . . . . . . 2 . . Protection 28 | . . . 7 1 . . 2 4 . . . . . . . . 1 1 2 . . . . 1 1 1 1 . . . 2 1 . 1 . . . 1 . 1 Artifact . | . . . . . . . . . . . . . . . . . . . . . . . . . . . . . . . . . . . . . . . . . Weapon 67 | . 3 . 11 1 1 . 3 9 . 4 1 . . 1 3 2 5 1 3 2 1 . . 2 . 2 3 1 2 . . 2 1 . . 1 1 . 1 . Energy Gun 11 | . . . 5 . . . 1 1 . 1 . . . . . . . . 1 . . . . . . . . . . . . . 1 . . . 1 . . . Energy Cannon 10 | . 1 . . . . . . . . . . . . . . . 1 . 2 . . . . 1 . 1 1 . 1 . . . . . . 1 . . 1 . Ballistic Gun 26 | . 2 . 3 1 . . 2 3 . 1 . . . 1 2 2 3 . . 2 1 . . . . 1 1 . 1 . . . . . . . . . . . Ballistic Cannon 3 | . . . . . . . . 1 . 1 . . . . . . 1 . . . . . . . . . . . . . . . . . . . . . . . Launcher 6 | . . . 1 . . . . 1 . 1 . . . . . . . 1 . . . . . 1 . . 1 . . . . . . . . . . . . . Special Weapon 2 | . . . . . 1 . . . . . . . . . 1 . . . . . . . . . . . . . . . . . . . . . . . . . Impact Weapon 4 | . . . 1 . . . . 2 . . . . . . . . . . . . . . . . . . . 1 . . . . . . . . . . . . Slashing Weapon 4 | . . . . . . . . 1 . . 1 . . . . . . . . . . . . . . . . . . . . 2 . . . . . . . . Piercing Weapon . | . . . . . . . . . . . . . . . . . . . . . . . . . . . . . . . . . . . . . . . . . Special Melee Weapon 1 | . . . 1 . . . . . . . . . . . . . . . . . . . . . . . . . . . . . . . . . . . . . Unidentified Prototypes 36 | . . . 1 . . . . 4 . 3 . 1 . . . . 1 . 5 1 . . . 1 . . 7 . . . . . . 3 . . 2 2 3 2 Corrupted Parts 4 | . . . . . . . . . . . . . . . . . . . 1 2 1 . . . . . . . . . . . . . . . . . . . System Corruption 25 | . . . . . . . . . . . . . . . . . . . 10 12 3 . . . . . . . . . . . . . . . . . . . Parts Lost 56 | . . 1 2 . . . . 6 . . . . . . . . . . . 1 . . . 5 . 3 1 9 4 . 1 . . . 3 14 . . 1 5 Power 8 | . . . . . . . . . . . . . . . . . . . . . . . . 2 . . . 1 1 . . . . . . 3 . . . 1 Propulsion 18 | . . 1 1 . . . . 4 . . . . . . . . . . . . . . . . . 2 1 3 1 . . . . . . 3 . . . 2 Utility 26 | . . . 1 . . . . 2 . . . . . . . . . . . 1 . . . 3 . 1 . 3 2 . 1 . . . 3 6 . . 1 2 Weapon 4 | . . . . . . . . . . . . . . . . . . . . . . . . . . . . 2 . . . . . . . 2 . . . . Highest Loss Streak 14 | . . 1 1 . . . . 3 . . . . . . . . . . . 1 . . . 4 . 3 1 6 2 . 1 . . . 3 14 . . 1 5 To Critical Strikes 1 | . . . . . . . . . . . . . . . . . . . . . . . . . . . . 1 . . . . . . . . . . . . Average Backups 15 | 6 9 14 17 19 20 20 19 13 15 14 14 14 15 14 14 14 14 15 14 14 15 13 14 14 14 14 14 14 13 14 13 13 14 14 14 12 11 12 13 12 Power . | 1 1 1 . 1 1 1 1 . 1 . . . . . . . . . . . . . . . 1 . . 2 1 1 1 1 1 1 1 1 . . 2 1 Propulsion 3 | 4 3 4 7 8 8 8 7 3 4 3 3 3 3 2 . 1 2 4 4 4 4 4 4 4 3 2 1 . . 1 1 1 2 2 2 1 1 2 1 2 Utility 5 | . 2 3 3 3 5 5 5 6 5 5 6 6 6 6 7 6 6 5 5 5 6 4 4 5 5 6 6 5 5 6 6 7 7 6 6 3 4 6 6 5 Weapon 4 | 1 2 3 4 5 5 5 5 3 5 5 5 5 6 5 5 6 6 5 5 5 5 5 5 4 4 4 5 5 5 5 5 4 4 4 4 4 4 3 2 3 Tool/Special . | . . . . . . . . . . . . . . . . . . . . . . . . . . . . . . . . . . . . . . . . . Unused Backups 73 | 6 8 2 11 1 . . 1 3 . 1 . . . . 3 . 6 1 . . . . . 1 . 1 3 . 4 2 2 . 1 . . 2 . 7 1 6 Power 8 | 1 2 1 2 . . . . . . . . . . . . . . . . . . . . . . . . . . . . . 1 . . . . 1 . . Propulsion 14 | 2 2 . 4 . . . . 2 . 1 . . . . . . . . . . . . . . . . . . . . . . . . . . . 2 . 1 Utility 27 | 1 1 1 2 . . . . 1 . . . . . . 2 . 4 . . . . . . 1 . 1 2 . 2 1 1 . . . . 1 . 4 . 2 Weapon 24 | 2 3 . 3 1 . . 1 . . . . . . . 1 . 2 1 . . . . . . . . 1 . 2 1 1 . . . . 1 . . 1 3 Tool/Special . | . . . . . . . . . . . . . . . . . . . . . . . . . . . . . . . . . . . . . . . . . Average Slot Usage (%) 95 | . 99 99 99 100 100 100 97 95 100 99 100 96 85 85 93 100 99 99 89 91 93 88 88 91 100 99 97 90 87 100 96 98 100 95 99 96 61 79 94 89 Engine 5 | . 14 8 10 11 11 11 9 7 7 7 7 6 . . 2 . . 3 6 11 12 8 6 5 5 . . . . . . . . . . . . . . . Core 2 | . . 5 . . . . . . . . . . 7 7 8 12 12 8 6 . . 2 3 2 4 10 4 . 1 . . . . . . . . . . . Reactor 1 | . . . . . . . . . . . . . . . . . . . . . . . . 2 . . 4 7 6 10 10 9 10 10 10 8 4 9 12 10 Treads 6 | . 22 16 8 29 33 33 36 11 . . . . . . . . . . . . . . . . . . . . . . . . . . . . . . . . Leg 1 | . 5 11 6 . . . . . . . . . . . . . . . . . . . . . . . . . . . . . . . . . . . . . Wheel 1 | . . . 17 3 . . . . . . . . . . . . . . . . . . . . . . . . . . . . . . . . . . . . Hover 22 | . . . . . . . . 17 30 29 30 29 28 28 35 37 36 36 31 31 31 27 27 26 33 33 32 28 28 35 33 35 35 35 35 35 30 30 33 29 Device 10 | . 13 14 12 11 11 11 9 4 7 7 6 6 7 7 6 6 7 11 12 1 5 5 5 9 12 10 11 14 17 25 25 25 24 24 24 24 3 13 24 25 Storage 8 | . 14 14 11 11 11 11 9 9 7 7 7 7 7 7 6 6 6 6 6 11 6 5 5 5 5 5 5 5 5 5 5 5 5 5 5 4 4 4 4 3 Processor 5 | . . . . . . . . 6 15 15 15 14 14 14 6 6 6 6 6 6 6 5 5 5 9 11 12 11 13 10 7 5 5 5 4 3 8 10 4 3 Hackware 6 | . . . . . . . . 10 15 15 15 14 14 14 12 12 12 12 2 10 12 11 11 11 11 11 9 5 5 5 5 5 5 5 5 4 4 4 3 . Protection 5 | . . . 9 11 11 11 16 9 . . . . . . 4 6 3 . 7 6 6 11 11 10 5 5 2 5 1 . 2 5 5 5 4 3 . 1 4 5 Energy Gun 2 | . . . 10 11 6 11 8 2 . . . . . . . . . . . . . . . . . . . . . . . . . . . . . . . . Energy Cannon 1 | . . 6 . . . . . . . . . . . . . . . . 1 . . 2 5 4 5 4 2 . 2 . 1 5 4 . 5 1 4 2 2 3 Ballistic Gun 7 | . 27 21 10 11 11 11 9 7 7 6 6 6 . . 2 7 5 5 . 5 6 2 . 4 5 4 7 9 2 5 3 . . . . 3 . 1 1 . Slashing Weapon 2 | . . . . . . . . . 7 7 7 7 7 7 5 4 6 6 6 5 5 5 5 . . . . . . . . 4 4 5 5 3 . 1 4 3 Peak Build Rating 179 | 7 9 12 22 24 25 24 29 50 45 47 48 51 47 53 71 76 84 84 95 98 101 103 111 115 106 112 128 117 125 126 126 125 126 125 126 150 112 167 166 179 Average Rating 71 | 6 8 10 18 22 24 24 27 39 45 44 46 46 46 48 63 72 78 83 87 96 97 102 103 109 103 104 110 105 105 122 118 122 123 119 125 141 102 136 164 169 On Entrance 76 | 6 7 9 12 22 24 24 24 29 45 45 47 48 46 47 48 70 73 81 84 90 97 97 103 103 106 101 108 114 74 118 122 119 123 125 125 113 77 108 161 160 Avg Prop Armor Cover (%) 9 | . . 8 9 8 . . . 5 . . . . . . . . . . . 16 . . . . . 3 . . 3 . . . . 4 . 1 13 14 . 2 Naked Turns . | . . . . . . . . . . . . . . . . . . . . . . . . . . . . . . . . . . . . . . . . . Heaviest Build 104 | 12 31 31 61 63 63 63 73 82 32 38 42 33 37 35 56 52 56 63 73 72 60 60 60 80 71 63 89 74 81 81 83 82 80 80 77 94 39 95 92 104 Greatest Support 115 | 20 40 40 30 60 60 60 80 80 34 34 34 34 34 38 53 53 65 65 65 65 75 75 65 77 71 83 90 78 85 85 85 82 80 80 80 104 75 115 114 114 Greatest Overweight (x) 18 | . . 1 5 2 1 1 . 3 . 1 1 . 1 1 1 . 1 1 1 18 . . . 1 . 1 1 1 1 . 1 1 . 1 . 1 . 1 . 1 Average Overweight (x) . | . . . 2 . 1 1 . . . . . . . . . . . . . 7 . . . . . . . . . . . . . . . . . . . . Largest Inventory Capacity 20 | 8 15 15 20 20 20 20 20 20 15 15 15 15 15 15 15 15 15 15 15 15 15 15 15 15 15 15 15 15 15 15 15 15 15 15 15 15 15 15 15 15 Average Capacity 15 | 8 11 15 18 20 20 20 20 14 15 15 15 15 15 15 15 15 15 15 15 15 15 15 15 15 15 15 15 15 15 15 15 15 15 15 15 15 15 15 15 15 Most Carried 20 | 6 14 15 20 20 20 20 20 20 15 15 14 15 15 15 15 15 15 15 15 15 15 14 15 15 15 15 15 15 15 15 15 15 15 15 15 15 15 15 15 15 Average Carried 15 | 6 9 14 17 19 20 20 19 13 15 14 14 14 15 14 14 14 14 14 14 14 14 13 14 14 14 14 14 14 14 14 14 14 14 14 15 14 13 13 14 14 Final Capacity 20 | 8 15 15 20 20 20 20 20 15 15 15 15 15 15 15 15 15 15 15 15 15 15 15 15 15 15 15 15 15 15 15 15 15 15 15 15 15 15 15 15 15 Final Carried 20 | 6 14 15 20 20 20 20 20 15 15 14 14 15 15 15 15 15 15 15 15 15 14 14 15 15 15 15 15 14 15 15 15 15 15 15 15 11 15 14 15 8 Class Distribution -------------------- 42% | Scavenger-Mutant 20% | Mutant 18% | Hacker-Mutant 5% | Hacker-Scout 4% | Scavenger-Scout Dominant Class ---------------- Mutant | -10/Materials Mutant | -10/Mines Scavenger-Mutant | -9/Materials Mutant | -9/Mines Mutant | -9/Exiles Mutant | -8/Mines Scavenger-Mutant | -8/Materials Scavenger-Mutant | -7/Factory Scavenger-Scout | -7/Waste Hacker-Scout | -7/Factory Hacker-Scout | -7/Lower Caves Hacker-Scout | -7/Lower Caves Hacker-Mutant | -7/Data Miner Hacker-Mutant | -6/Proximity Caves Hacker-Mutant | -6/Factory Scientist-Mutant | -6/Waste Hacker-Mutant | -6/Factory Hacker-Mutant | -6/Extension Machinist-Mutant | -6/Cetus Scavenger-Mutant | -6/Archives Scavenger-Mutant | -6/Hub_04(d) Hacker-Mutant | -5/Factory Scavenger-Mutant | -5/Waste Scavenger-Mutant | -5/Factory Scavenger-Scout | -5/Upper Caves Scavenger-Mutant | -5/Upper Caves Hacker-Mutant | -5/Warlord Scavenger-Mutant | -4/Proximity Caves Scavenger-Mutant | -4/Factory Scavenger-Mutant | -4/Waste Scavenger-Mutant | -4/Factory Scavenger-Mutant | -4/Upper Caves Scavenger-Mutant | -4/Upper Caves Scavenger-Mutant | -4/Zhirov Scavenger-Mutant | -3/Proximity Caves Scavenger-Mutant | -3/Research Scavenger-Mutant | -3/Testing Mutant | -2/Research Scavenger-Scout | -2/Quarantine Scavenger-Ninja | -1/Access Resources | -11 -10 -10 -9 -9 -9 -8 -8 -7 -7 -7 -7 -7 -7 -6 -6 -6 -6 -6 -6 -6 -6 -5 -5 -5 -5 -5 -5 -4 -4 -4 -4 -4 -4 -4 -3 -3 -3 -2 -2 -1 ----------- Run | Yrd Mat Min Mat Min Exi Min Mat Fac Was Fac Low Low Dat Pro Fac Was Fac Ext Cet Arc Hub Fac Was Fac Upp Upp War Pro Fac Was Fac Upp Upp Zhi Pro Res Tes Res Qua Acc Matter Collected 10285 | 234 504 83 981 112 60 15 231 1101 . 140 89 131 . 117 433 60 249 1020 229 191 77 . . 573 275 559 647 176 142 232 150 90 100 145 . 470 30 528 . 111 Remotely 66 | . . . . . . . . . . . . . . . . . . . . . . . . 66 . . . . . . . . . . . . . . . . Salvage Created 13156 | 109 631 175 1830 312 . 45 537 1262 . 200 80 120 . 67 501 . 499 1945 240 599 164 . . 528 107 373 175 324 229 200 106 361 359 512 . 500 30 36 . . Parts 636 | 4 43 9 102 9 . 7 26 67 . 13 2 4 . 2 21 . 19 96 8 23 15 . . 33 . 22 9 25 10 1 . 5 8 8 . 41 2 2 . . Haulers Intercepted 25 | . 1 . 6 . . . 1 7 . 2 . . . . . . 4 1 . . . . . 1 . . . . 1 . 1 . . . . . . . . . Recyclers Shooed 19 | . 2 . 7 . . . . 1 . . . . . . 1 . . 2 . . 1 . . 2 . . . . . . . . . . . 2 . 1 . . Parts Field Recycled 5 | . . . . . . . . . . . . . . . . . . . . . . . . 1 4 . . . . . . . . . . . . . . . Retrieved Matter 47 | . . . . . . . . . . . . . . . . . . . . . . . . 9 38 . . . . . . . . . . . . . . . Parts Self-Destructed 54 | . . . . . . . . . . . . . . 2 . . . . . . . . . . 1 16 . 22 . . . 3 5 5 . . . . . . Prevented 3 | . . . . . . . . . . . . . . . . . . . . . . . . . . 3 . . . . . . . . . . . . . . Parts Restored 9 | . . . . . . . . . . . . . . . 1 . . . . . . . . . . 5 3 . . . . . . . . . . . . . Broken 9 | . . . . . . . . . . . . . . . 1 . . . . . . . . . . 5 3 . . . . . . . . . . . . . Kills | -11 -10 -10 -9 -9 -9 -8 -8 -7 -7 -7 -7 -7 -7 -6 -6 -6 -6 -6 -6 -6 -6 -5 -5 -5 -5 -5 -5 -4 -4 -4 -4 -4 -4 -4 -3 -3 -3 -2 -2 -1 ------- Run | Yrd Mat Min Mat Min Exi Min Mat Fac Was Fac Low Low Dat Pro Fac Was Fac Ext Cet Arc Hub Fac Was Fac Upp Upp War Pro Fac Was Fac Upp Upp Zhi Pro Res Tes Res Qua Acc Combat Hostiles Destroyed 142 | . 13 4 29 7 . 1 8 13 . . . . . 1 3 . 1 15 2 3 4 . . 7 . 9 2 12 2 . . . 1 . . 5 . . . . Melee 1 | . . . . . . . . . . . . . . . . . . . . . 1 . . . . . . . . . . . . . . . . . . . Guns 110 | . 9 2 29 7 . 1 8 13 . . . . . 1 3 . 1 13 . . 2 . . 4 . 2 2 6 2 . . . 1 . . 4 . . . . Cannons 10 | . 4 2 . . . . . . . . . . . . . . . . . 2 . . . 1 . 1 . . . . . . . . . . . . . . AOE 16 | . . . . . . . . . . . . . . . . . . 2 1 . . . . 2 . 5 . 6 . . . . . . . . . . . . Classes Destroyed 20 | 2 6 . 2 1 . 1 1 2 . . 1 1 . 1 . . . 1 . . . . . 1 . . . . . . . . . . . . . . . . Worker 18 | . 1 . 2 . . 1 . 3 . . . . . . 2 . 2 4 . . . . . 1 . . . . . . . . . . . 1 1 . . . Builder 7 | . . . . . . 1 . . . . . . . . . . . 4 . . . . . . . . . . . . . . . . . 2 . . . . Tunneler 4 | 1 1 . . . . . . . . . . . . . . . 1 . . . 1 . . . . . . . . . . . . . . . . . . . Hauler 25 | . 1 . 6 . . . 1 7 . 2 . . . . . . 4 1 . . . . . 1 . . . . 1 . 1 . . . . . . . . . Recycler 19 | 1 . . 5 . . . 1 3 . 1 . . . . 2 . . 4 . . . . . 1 . . . . . . . . . . . 1 . . . . Minesweeper 2 | . . . . . . . . . . . . . . 1 . . . . . . . . . . 1 . . . . . . . . . . . . . . . Mechanic 4 | . . . . . . . . 1 . . . . . . 1 . . . . . . . . 2 . . . . . . . . . . . . . . . . Operator 15 | . 2 . 1 . . . . 1 . . . . . . 1 . . . . 9 . . . . . . . . . . . . . . . 1 . . . . Drone 1 | . . . . . . . . . . . . . . . . . . . . . . . . 1 . . . . . . . . . . . . . . . . Watcher 14 | . 3 . 4 . . . . 3 . 1 . . . . . . . 2 . . . . . . . . . . . . . . . . . . . 1 . . Swarmer 36 | . 3 . 9 . . 1 . 4 . . . . . 1 . . . . . . 3 . . 3 . 1 . 10 . . . . . . . 1 . . . . Grunt 45 | . 10 4 9 6 . . 3 1 . . . . . . . . . 6 . . . . . . . 5 1 . . . . . . . . . . . . . Brawler 5 | . . . . 1 . . . . . . . . . . . . 1 2 . . . . . . . . 1 . . . . . . . . . . . . . Duelist 2 | . . . 1 . . . 1 . . . . . . . . . . . . . . . . . . . . . . . . . . . . . . . . . Researcher 1 | . . . . . . . . . . . . 1 . . . . . . . . . . . . . . . . . . . . . . . . . . . . Sentry 24 | . . . 10 . . . 2 2 . . . . . . . . . 5 . 3 1 . . . . 1 . . . . . . . . . . . . . . Hunter 4 | . . . . . . . 2 1 . . . . . . . . . . . . . . . 1 . . . . . . . . . . . . . . . . Programmer 22 | . . . . . . . . 5 . . . . . . 3 . . 1 . . . . . 2 . 2 . 2 2 . . . 1 . . 4 . . . . Behemoth 1 | . . . . . . . . . . . . . . . . . . 1 . . . . . . . . . . . . . . . . . . . . . . Cetus Guard 2 | . . . . . . . . . . . . . . . . . . . 2 . . . . . . . . . . . . . . . . . . . . . Enhanced Grunt 1 | . . . . . . . . . . . . . . . . . . . 1 . . . . . . . . . . . . . . . . . . . . . Decomposer 2 | . . . . . . . . . . . 2 . . . . . . . . . . . . . . . . . . . . . . . . . . . . . Packrat 3 | . . . . . . . . . . . . 1 . . . . . . . . . . . . . . . . . . . 2 . . . . . . . . Samaritan 1 | . . . . . . . . . . . 1 . . . . . . . . . . . . . . . . . . . . . . . . . . . . . Savage 1 | . . . . . . . . . . . . . . . . . . 1 . . . . . . . . . . . . . . . . . . . . . . Guerrilla 1 | . . . . . . . . . . . . . . . . . . 1 . . . . . . . . . . . . . . . . . . . . . . Best Kill Streak 7 | 2 3 2 5 4 . 1 3 3 . 2 . . . 1 2 . 1 7 1 4 2 . . 2 1 3 1 5 2 . 1 . 1 . . 3 1 1 . . Combat Bots Only 5 | . 3 2 4 4 . 1 3 2 . . . . . 1 1 . 1 3 1 1 2 . . 2 . 3 1 5 2 . . . 1 . . 2 . . . . Max Kills in Single Turn 3 | 1 1 1 1 1 . 1 1 1 . 1 1 1 . 1 1 . 1 3 1 1 1 . . 2 1 2 1 2 1 . 1 1 1 . . 2 1 1 . . Gunslinging . | . . . . . . . . . . . . . . . . . . . . . . . . . . . . . . . . . . . . . . . . . Exploded 2 | . . . . . . . . . . . . . . . . . . 1 1 . . . . 2 . 2 . 2 . . . . . . . . . . . . Melee 1 | . . . . . . . . . . . . . . . . . . . . . 1 . . . . . . . . . . . . . . . . . . . Uniques/NPCs Destroyed . | . . . . . . . . . . . . . . . . . . . . . . . . . . . . . . . . . . . . . . . . . Combat | -11 -10 -10 -9 -9 -9 -8 -8 -7 -7 -7 -7 -7 -7 -6 -6 -6 -6 -6 -6 -6 -6 -5 -5 -5 -5 -5 -5 -4 -4 -4 -4 -4 -4 -4 -3 -3 -3 -2 -2 -1 -------- Run | Yrd Mat Min Mat Min Exi Min Mat Fac Was Fac Low Low Dat Pro Fac Was Fac Ext Cet Arc Hub Fac Was Fac Upp Upp War Pro Fac Was Fac Upp Upp Zhi Pro Res Tes Res Qua Acc Hostile Shots Fired 1289 | . 64 29 107 12 . 5 76 147 . 1 . . . 10 20 . 17 42 25 10 20 9 . 134 . 82 21 119 47 . 6 . 10 . 7 145 5 34 12 73 Missed 493 | . 18 7 23 4 . 3 21 56 . 1 . . . 4 8 . 8 24 13 6 5 3 . 55 . 36 7 42 22 . 2 . 5 . 6 48 2 22 6 36 Hits 796 | . 46 22 84 8 . 2 55 91 . . . . . 6 12 . 9 18 12 4 15 6 . 79 . 46 14 77 25 . 4 . 5 . 1 97 3 12 6 37 Melee 7 | . . . 5 . . . 1 . . . . . . . . . . . . . . . . . . . . 1 . . . . . . . . . . . . Projectile 789 | . 46 22 79 8 . 2 54 91 . . . . . 6 12 . 9 18 12 4 15 6 . 79 . 46 14 76 25 . 4 . 5 . 1 97 3 12 6 37 AOE 8 | . . . . . . . . . . . . . . . . . . . . . . . . . . . 4 . 1 . . . . . . 3 . . . . Critical Strikes 46 | . 3 . 4 . . . 1 4 . . . . . . 2 . . . 1 1 . . . 3 . 1 1 4 1 . . . . . . 16 . . 1 3 Actively Blocked 1 | . . . . . . . . . . . . . . . . . . . . . . . . 1 . . . . . . . . . . . . . . . . Part Disruptions 5 | . . . . . . . . . . . . . . . . . . . . . . . . 1 . . 1 . . . 1 . . . . 2 . . . . Damage Taken 14261 | . 528 313 1220 92 . 47 905 1269 . . . . . 61 178 . 98 132 274 147 191 104 . 1251 . 1051 708 1490 492 . 70 . 75 . 219 2018 65 160 161 942 Core 1782 | . 42 41 231 11 . . 12 223 . . . . . 14 30 . 23 37 42 24 45 22 . 66 . 164 43 119 50 . . . . . . 308 45 30 25 135 Absorbed by Shields 1016 | . . . . . . . . 32 . . . . . . . . 32 59 100 . . . . . . . 25 . 40 . 74 . 27 . 76 551 . . . . Redirected to Shielding 529 | . . . . . . . . 100 . . . . . . 18 . 6 . . . 34 31 . 254 . . . . . . 7 . 29 . 50 . . . . . Regen/Repaired (Parts) 1442 | . . . 132 . . . 24 82 . . . . . . 92 118 102 2 . . . . . 311 . . 128 . 214 97 140 . . . . . . . . . Core Remaining (%) 76 | 100 . 66 . . . 39 97 . . . . . . 66 . . . . . . 76 . . . . . . 58 . . . . . . 95 . 72 . 80 91 Volleys Fired 914 | 6 98 22 119 14 6 5 40 68 . . . 1 . 13 12 . 15 141 17 17 10 2 . 53 13 48 26 18 13 . 5 5 18 . 63 28 6 10 1 1 Largest 2 | 2 2 2 2 2 1 2 2 2 . . . 1 . 1 2 . 1 1 1 1 2 1 . 2 1 2 2 2 2 . 1 1 2 . 1 2 1 1 1 1 Hottest 260 | 40 88 88 79 79 5 79 89 89 . . . 28 . 40 60 . 90 45 240 94 94 90 . 184 90 98 98 260 98 . 98 98 98 . 98 260 98 98 105 105 Shots Fired 1390 | 12 194 44 233 27 6 10 80 139 . 1 1 2 . 13 22 . 15 141 17 17 15 2 . 75 13 56 43 31 17 . 5 5 23 . 65 48 6 10 1 1 Gun 1041 | 12 183 24 232 27 . 10 80 124 . 1 . 2 . 4 20 . 5 132 2 . 11 . . 41 . 11 35 26 8 . . . 10 . . 41 . . . . Cannon 307 | . 11 20 . . . . . 15 . . . . . 9 . . 10 . 9 17 4 2 . 33 13 36 8 . 9 . 5 5 13 . 65 5 6 10 1 1 Launcher 34 | . . . 1 . . . . . . . 1 . . . . . . 9 6 . . . . 1 . 9 . 5 . . . . . . . 2 . . . . Special 8 | . . . . . 6 . . . . . . . . . 2 . . . . . . . . . . . . . . . . . . . . . . . . . Kinetic 862 | 12 183 24 115 14 . 5 40 112 . 1 . 2 . 13 20 . 6 132 . . 11 . . 41 . 11 35 26 8 . . . 10 . . 41 . . . . Thermal 449 | . 11 20 117 13 . 5 40 27 . . . . . . . . 9 . 2 . 1 2 . 25 13 29 8 5 9 . 5 5 13 . 65 7 6 10 1 1 Explosive 15 | . . . 1 . . . . . . . 1 . . . . . . 3 . . . . . 1 . 9 . . . . . . . . . . . . . . Electromagnetic 56 | . . . . . . . . . . . . . . . . . . 6 15 17 3 . . 8 . 7 . . . . . . . . . . . . . . Robot Hit Streak 14 | 4 6 9 12 13 2 4 10 9 . . . 1 . 2 5 . 6 14 2 3 6 . . 4 4 8 6 4 2 . . 1 4 . . 14 1 1 . . Robot Miss Streak 7 | 1 6 5 5 2 1 3 4 5 . 1 . . . 2 2 . 1 4 2 2 6 . . 3 1 7 3 3 1 . . 1 2 . . 1 1 . . . Penetration Max 2 | . . . . . . . . . . . . . . . . . 1 2 . . . . . 1 . . 1 1 . . . . . . . 1 . . . . Secondary Targets 6 | . 1 . 1 . . . 1 . . . . . . . . . . . . . 1 . . 1 . . . . . . . . . . . 1 . . . . Max Gunslinging Chain 1 | . 1 . 1 . . . 1 . . . . . . . . . . . . . 1 . . 1 . . . . . . . . . . . 1 . . . . Shots Hit Robots 850 | 8 111 29 166 21 4 5 54 102 . 6 5 3 . 3 27 . 23 65 8 23 9 . . 31 10 17 24 13 12 3 2 6 11 11 . 34 1 2 1 . Core Hits 420 | 3 36 10 74 9 . 2 21 36 . 4 1 2 . 2 9 . 7 71 15 12 5 . . 15 3 16 14 17 5 . 1 4 4 4 . 16 1 1 . . Critical Kills 32 | . 1 . . . . . . 1 . . . . . . . . . 21 . . . . . 2 . 1 2 2 . . . . . . . 2 . . . . Critical Parts Destroyed 26 | . . . 1 . . . . 1 . . . . . . . . 1 12 . . 1 . . 1 . . 3 2 . . . . 1 . . 3 . . . . Critical Strikes 75 | . 1 . 4 1 . . 3 5 . . . . . . . . 4 35 2 . 1 . . 3 . 1 5 4 . . . . 1 . . 5 . . . . Burn 9 | . . . 3 1 . . 3 2 . . . . . . . . . . . . . . . . . . . . . . . . . . . . . . . . Destroy 59 | . 1 . 1 . . . . 1 . . . . . . . . 1 35 . . 1 . . 3 . 1 5 4 . . . . 1 . . 5 . . . . Smash 1 | . . . . . . . . 1 . . . . . . . . . . . . . . . . . . . . . . . . . . . . . . . . Sever 6 | . . . . . . . . 1 . . . . . . . . 3 . 2 . . . . . . . . . . . . . . . . . . . . . Melee Attacks 345 | . . . 2 . . . . 57 . 19 5 3 . 25 34 . 39 6 8 13 7 11 . 10 . . . 2 27 3 3 6 10 11 11 26 . 2 5 . Impact 80 | . . . 1 . . . . 44 . . . . . . . . . . . . . . . . . . . 2 27 3 3 . . . . . . . . . Slashing 264 | . . . . . . . . 13 . 19 5 3 . 25 34 . 39 6 8 13 7 11 . 10 . . . . . . . 6 10 11 11 26 . 2 5 . Piercing . | . . . . . . . . . . . . . . . . . . . . . . . . . . . . . . . . . . . . . . . . . Sneak Attacks 62 | . . . 1 . . . . 8 . 4 5 1 . 1 6 . 8 3 4 9 3 . . 2 . . . . 2 . 1 . . . . 4 . . . . Combat Hostiles 1 | . . . . . . . . . . . . . . . . . . . . . 1 . . . . . . . . . . . . . . . . . . . Follow-up Attacks . | . . . . . . . . . . . . . . . . . . . . . . . . . . . . . . . . . . . . . . . . . Damage Inflicted 25677 | 81 1247 409 2670 370 . 94 961 2860 . 341 321 158 . 134 1059 . 1080 1726 831 1452 407 . . 1709 400 1251 620 775 625 286 110 349 553 1016 . 1366 34 85 88 209 Guns 10954 | 81 1052 124 2660 370 . 82 961 1530 . . . 16 . 45 360 . 50 656 . . 96 . . 886 . 251 454 336 98 . . . 142 . . 704 . . . . Cannons 2738 | . 194 275 . . . . . 276 . . . . . . . . . . 213 434 105 . . 386 375 179 166 . . . . 69 . . . . 34 32 . . Explosions 3194 | . . . . . . . . . . . . . . . . . . 805 352 . . . . 253 25 821 . 428 . . . . . . . 301 . . . 209 Melee 8683 | . . . . . . . . 1039 . 341 321 142 . 89 699 . 1030 265 266 1018 206 . . 177 . . . . 527 286 110 280 411 1016 . 361 . 53 46 . Ramming 108 | . 1 10 10 . . 12 . 15 . . . . . . . . . . . . . . . 7 . . . 11 . . . . . . . . . . 42 . Kinetic 8867 | 81 1052 124 1373 162 . 47 454 1480 . . . 16 . 45 360 . 50 656 . . 96 . . 886 . 251 454 336 98 . . . 142 . . 704 . . . . Thermal 4821 | . 194 275 1287 208 . 35 507 326 . . . . . . . . . . 52 . . . . 263 400 35 166 428 . . . 69 . . . 301 34 32 . 209 Explosive 1751 | . . . . . . . . . . . . . . . . . . 677 . . . . . 253 . 821 . . . . . . . . . . . . . . Electromagnetic 1447 | . . . . . . . . . . . . . . . . . . 128 513 434 105 . . 123 . 144 . . . . . . . . . . . . . . Impact 1610 | . . . . . . . . 687 . . . . . . . . . . . . . . . . . . . . 527 286 110 . . . . . . . . . Slashing 7073 | . . . . . . . . 352 . 341 321 142 . 89 699 . 1030 265 266 1018 206 . . 177 . . . . . . . 280 411 1016 . 361 . 53 46 . Piercing . | . . . . . . . . . . . . . . . . . . . . . . . . . . . . . . . . . . . . . . . . . Highest Corruption 28 | . . . . . . . . 11 6 6 6 6 . . 2 . . . 11 11 3 . . 6 6 9 9 1 1 1 1 . 2 2 5 28 28 . 3 1 Average Corruption 5 | . . . . . . . . 5 6 6 6 6 . . 1 . . . 9 8 3 . . 4 6 8 9 1 1 1 1 . 1 2 2 5 28 . 1 1 Corruption Purged 32 | . . . . . . . . 5 . . . . . . 2 . . . . 23 . . . 1 . . . . . . 1 . . . . . . . . . Corruption Blocked . | . . . . . . . . . . . . . . . . . . . . . . . . . . . . . . . . . . . . . . . . . Effects 210 | . . . . . . . . 41 1 7 8 11 . . . . . . 14 10 . . . 19 9 49 . . 1 1 1 . 2 1 12 18 4 . 1 . Message Errors 55 | . . . . . . . . 15 . 1 1 2 . . . . . . 2 2 . . . 7 3 12 . . 1 . . . . . 4 4 1 . . . Matter Fused 44 | . . . . . . . . 8 . 1 1 4 . . . . . . 1 2 . . . 4 . 14 . . . . . . 1 . 2 4 1 . 1 . Heat Flow Errors 27 | . . . . . . . . 6 . 1 4 . . . . . . . . 1 . . . 3 3 6 . . . . . . . . . 3 . . . . Energy Discharges 24 | . . . . . . . . 2 . 1 1 1 . . . . . . 2 . . . . 2 3 4 . . . . 1 . 1 . 2 3 1 . . . Parts Rejected 3 | . . . . . . . . . . . . . . . . . . . . 2 . . . . . 1 . . . . . . . . . . . . . . Parts Fused 3 | . . . . . . . . . . . . . . . . . . . 1 . . . . . . 2 . . . . . . . . . . . . . . Data Loss (minor) 24 | . . . . . . . . 3 1 1 . 2 . . . . . . 4 2 . . . 1 . 4 . . . 1 . . . 1 2 1 1 . . . Data Loss (major) 9 | . . . . . . . . 1 . 1 . . . . . . . . 1 1 . . . 1 . 3 . . . . . . . . . 1 . . . . Misfires 11 | . . . . . . . . 4 . 1 1 1 . . . . . . . . . . . . . 2 . . . . . . . . 2 . . . . . Alerts 4 | . . . . . . . . 1 . . . 1 . . . . . . 1 . . . . . . 1 . . . . . . . . . . . . . . Misdirections 3 | . . . . . . . . . . . . . . . . . . . 2 . . . . . . . . . . . . . . . . 1 . . . . Weapon Failures 3 | . . . . . . . . 1 . . . . . . . . . . . . . . . 1 . . . . . . . . . . . 1 . . . . Overload Shots 2 | . . . . . . . . . . . . . . . . . . . 2 . . . . . . . . . . . . . . . . . . . . . Overflow Damage 2211 | . . . . . . . . 372 . 40 94 . . . 211 . 164 14 5 303 60 . . 71 91 36 . . . 92 46 69 177 205 . 105 . . . 56 Projectiles 118 | . . . . . . . . 10 . . . . . . . . . . . . . . . 22 86 . . . . . . . . . . . . . . . Explosions 111 | . . . . . . . . . . . . . . . . . . 14 . . . . . . 5 36 . . . . . . . . . . . . . 56 Melee 1982 | . . . . . . . . 362 . 40 94 . . . 211 . 164 . 5 303 60 . . 49 . . . . . 92 46 69 177 205 . 105 . . . . Knockbacks 6 | . . . . . . . . 5 . . . . . . . . . . . . . . . . . . . . . . . . . . . . . . 1 . Impact 2 | . . . . . . . . 1 . . . . . . . . . . . . . . . . . . . . . . . . . . . . . . 1 . Kinetic 4 | . . . . . . . . 4 . . . . . . . . . . . . . . . . . . . . . . . . . . . . . . . . Secondary . | . . . . . . . . . . . . . . . . . . . . . . . . . . . . . . . . . . . . . . . . . Self-Inflicted Damage 102 | . . . 5 . . . . . . . . . . . . . . . . . . . . 3 . 68 . 5 . . . . . . . . . . 21 . Shots 1 | . . . . . . . . . . . . . . . . . . . . . . . . . . 1 . . . . . . . . . . . . . . Rammed 7 | . 1 . 1 . . 1 . 1 . . . . . . . . . . . . . . . 1 . . . 1 . . . . . . . . . . 1 . Targets Rammed 10 | . 1 2 1 . . 2 . 1 . . . . . . . . . . . . . . . 1 . . . 1 . . . . . . . . . . 1 . Kicked 2 | . . 2 . . . . . . . . . . . . . . . . . . . . . . . . . . . . . . . . . . . . . . Crushed 1 | . . . . . . 1 . . . . . . . . . . . . . . . . . . . . . . . . . . . . . . . . . . Highest Temperature 725 | . 329 186 63 . . . 6 226 . 240 259 . . 14 72 . 166 3 408 312 186 53 . 312 277 426 110 546 52 1 198 . . . . 725 371 199 28 199 Average Temperature 101 | . 84 89 10 . . . 6 58 . 132 110 . . 8 30 . 69 2 149 148 56 25 . 79 83 107 39 189 8 1 96 . . . . 464 90 99 28 134 Received Heat Transfer 1848 | . 336 183 348 54 . 15 234 141 . . . . . . . . 28 31 6 27 27 . . 18 . 219 30 112 12 . . . . . . 9 . 18 . . Effects 20 | . 2 . . . . . . . . . . . . . . . . . . 4 . . . . 1 4 . 2 . . . . . . . 6 1 . . . Shutdowns 4 | . . . . . . . . . . . . . . . . . . . . . . . . . . . . 2 . . . . . . . 1 1 . . . Energy Bleed 6 | . . . . . . . . . . . . . . . . . . . . 1 . . . . 1 2 . . . . . . . . . 2 . . . . Interference 6 | . 2 . . . . . . . . . . . . . . . . . . 3 . . . . . . . . . . . . . . . 1 . . . . Matter Decay 2 | . . . . . . . . . . . . . . . . . . . . . . . . . . 1 . . . . . . . . . 1 . . . . Short Circuit 1 | . . . . . . . . . . . . . . . . . . . . . . . . . . 1 . . . . . . . . . . . . . . Damage (major) 1 | . . . . . . . . . . . . . . . . . . . . . . . . . . . . . . . . . . . . 1 . . . . Siege Activations . | . . . . . . . . . . . . . . . . . . . . . . . . . . . . . . . . . . . . . . . . . Martial Activations . | . . . . . . . . . . . . . . . . . . . . . . . . . . . . . . . . . . . . . . . . . Shielding Activations . | . . . . . . . . . . . . . . . . . . . . . . . . . . . . . . . . . . . . . . . . . Robots Disrupted 1 | . . . . . . . . . . . . . . . . . . 1 . . . . . . . . . . . . . . . . . . . . . . Combat Hostiles 1 | . . . . . . . . . . . . . . . . . . 1 . . . . . . . . . . . . . . . . . . . . . . Robots Corrupted 8 | . . . . . . . . 3 . . . . . . . . . . 1 1 1 . . . . 1 . . . 1 . . . . . . . . . . Combat Hostiles 5 | . . . . . . . . . . . . . . . . . . . 1 1 1 . . . . 1 . . . 1 . . . . . . . . . . Parts Fried 11 | . . . . . . . . 2 . . . . . . . . . . 2 3 . . . . . 2 . . . 2 . . . . . . . . . . Impact Corruptions 16 | . . . . . . . . 13 . . . . . . . . . . . . . . . . . . . . . 2 1 . . . . . . . . . Robots Melted 1 | . . . . . . . . . . . . . . . . . . . . . . . . . . . . . . . . . . . . 1 . . . . Combat Hostiles 1 | . . . . . . . . . . . . . . . . . . . . . . . . . . . . . . . . . . . . 1 . . . . Parts Melted 7 | . . . 2 . . . 2 . . . . . . . . . . . . . . . . . . . . 2 . . . . . . . 1 . . . . Heat Transferred 8245 | . 333 481 3293 518 . 74 1221 740 . . . . . . . . . . 50 . . . . . 50 50 175 560 . . . 100 . . . 400 50 50 . 100 Parts Sabotaged . | . . . . . . . . . . . . . . . . . . . . . . . . . . . . . . . . . . . . . . . . . Parts Stolen . | . . . . . . . . . . . . . . . . . . . . . . . . . . . . . . . . . . . . . . . . . Parts Stripped . | . . . . . . . . . . . . . . . . . . . . . . . . . . . . . . . . . . . . . . . . . Power Chain Reactions 2 | . . . . . . . . . . . . . . . . . . . 1 . . . . . 1 . . . . . . . . . . . . . . . Alert | -11 -10 -10 -9 -9 -9 -8 -8 -7 -7 -7 -7 -7 -7 -6 -6 -6 -6 -6 -6 -6 -6 -5 -5 -5 -5 -5 -5 -4 -4 -4 -4 -4 -4 -4 -3 -3 -3 -2 -2 -1 ------- Run | Yrd Mat Min Mat Min Exi Min Mat Fac Was Fac Low Low Dat Pro Fac Was Fac Ext Cet Arc Hub Fac Was Fac Upp Upp War Pro Fac Was Fac Upp Upp Zhi Pro Res Tes Res Qua Acc Maximum Alert Level 4 | . . . 1 . . . . 2 . . . . . . . . 3 4 3 1 . . . . . . . . . . 1 . . . . . . . . . Low Security (%) 76 | 100 100 100 43 100 . 100 100 60 100 100 . . . . 100 100 32 . . 83 100 100 100 100 . . . . 100 100 75 . . . . 100 100 100 100 100 Level 1 13 | . . . 56 . . . . 36 . . . . . . . . 27 2 . 16 . . . . . . . . . . 24 . . . . . . . . . Level 2 5 | . . . . . . . . 2 . . . . . . . . 31 40 72 . . . . . . . . . . . . . . . . . . . . . Level 3 2 | . . . . . . . . . . . . . . . . . 8 28 27 . . . . . . . . . . . . . . . . . . . . . Level 4 1 | . . . . . . . . . . . . . . . . . . 28 . . . . . . . . . . . . . . . . . . . . . . Level 5 . | . . . . . . . . . . . . . . . . . . . . . . . . . . . . . . . . . . . . . . . . . High Security . | . . . . . . . . . . . . . . . . . . . . . . . . . . . . . . . . . . . . . . . . . Max Security . | . . . . . . . . . . . . . . . . . . . . . . . . . . . . . . . . . . . . . . . . . Peak Influence 1267 | 10 94 105 339 190 . 71 105 433 150 134 . . . . 85 . 766 1267 738 332 165 66 . 183 . . . . 172 37 379 . . . . 58 34 42 26 78 Initial 690 | . . 6 . 108 . . . 37 150 98 . . . . 15 . . 366 690 282 . 65 . . . . . . 172 37 . . . . . . . 18 . 6 Average 142 | 1 38 16 208 41 . 6 38 148 145 91 . . . . 23 . 330 857 668 62 40 20 . 78 . . . . 101 9 100 . . . . 10 10 4 14 11 Influence Increases 12693 | 10 480 195 1067 185 . 91 287 879 . 166 . . . 175 338 . 1834 1823 426 170 289 228 . 611 10 476 500 485 341 . 948 10 40 15 . 322 49 64 71 108 Destroy 0b10 Robot/C 5040 | . 260 160 580 140 . 60 160 260 . . . . . 20 60 . 660 900 200 80 100 . . 120 . 200 300 240 40 . 380 . 20 . . 100 . . . . Destroy 0b10 Robot/NC 675 | 10 40 . 90 . . 10 15 90 . 20 . . . 5 30 . 70 95 10 45 5 . . 30 10 . . . 5 . 25 10 10 15 . 25 5 5 . . Destroy Leader 1034 | . 68 30 190 20 . 10 54 120 . 4 . . . . 30 . 172 106 10 . 30 . . 32 . 20 . 20 12 . 74 . 10 . . 20 . 2 . . Allied During Kill 1748 | . . 5 . 3 . 11 2 . . . . . . . . . 618 636 133 29 . . . . . 1 110 . . . 200 . . . . . . . . . Successful Hack 741 | . 36 . 57 7 . . 26 54 . 10 . . . . 71 . 119 23 . . 38 27 . 86 . . . . 38 . 15 . . . . 52 8 42 32 . Select Force Hacks 140 | . 60 . 30 . . . . . . . . . . . . . . . . . 50 . . . . . . . . . . . . . . . . . . . Disable Machine 315 | . 15 . . . . . . 30 . . . . . . 15 . 30 . 30 15 . . . 45 . . . . 30 . 15 . . . . 30 15 . 30 15 Destroy Structure 745 | . 1 . 15 . . . . 40 . 12 . . . . 12 . 150 33 13 1 6 26 . 88 . . . . 96 . 124 . . . . 50 6 15 9 48 Partial Spotted 270 | . . . . . . . . 45 . . . . . . 60 . 15 15 . . . 15 . 15 . . . . 45 . 15 . . . . 15 15 . . 15 Lose Combat Pursuer 1785 | . . . 105 15 . . 30 240 . 120 . . . 150 60 . . 15 30 . 60 60 . 195 . 255 90 225 75 . . . . . . 30 . . . 30 Miscellaneous 200 | . . . . . . . . . . . . . . . . . . . . . . 100 . . . . . . . . 100 . . . . . . . . . Influence Decreases 12675 | 10 464 211 790 462 . 91 204 531 291 172 134 . . 150 363 . 1086 1338 953 876 154 361 2 534 87 476 268 442 509 107 595 291 112 15 . 322 15 98 60 101 Entered New Map 2632 | . . 10 . 169 . . . 46 281 42 51 . . . 10 . . 382 543 424 . 70 2 . 30 . . 232 103 70 . 131 15 . . . . 16 . 5 Time Decay 7207 | 10 443 171 620 293 . 91 198 417 10 130 83 . . 150 318 . 346 486 230 442 124 141 . 494 57 426 168 120 356 37 115 160 97 15 . 266 15 82 50 46 Lost Part 410 | . . 10 20 . . . . 50 . . . . . . . . . . . 10 . . . 40 . 30 . 90 40 . 10 . . . . 50 . . 10 50 Lost Ally 1142 | . . 20 . . . . 6 . . . . . . . . . 140 470 180 . 20 . . . . 20 100 . 10 . 170 . . . . 6 . . . . Purge Threat 1284 | . 21 . 150 . . . . 18 . . . . . . 35 . 600 . . . 10 150 . . . . . . . . 300 . . . . . . . . . Squads Dispatched 86 | . 3 2 4 2 . . . 14 . 3 . . . . 5 . 8 6 1 . 1 2 . 8 . 1 . 1 7 . 4 . . . . 6 . 4 3 1 Investigation 32 | . 2 . 2 2 . . . 4 . 1 . . . . 2 . 2 2 1 . 1 1 . 6 . . . . 2 . 1 . . . . 2 . . 1 . Extermination 21 | . . . . . . . . 5 . 1 . . . . 3 . 2 . . . . 1 . 2 . . . . 1 . 1 . . . . 3 . . 1 1 Reinforcement 27 | . 1 . 2 . . . . 5 . 1 . . . . . . 4 2 . . . . . . . . . . 4 . 2 . . . . 1 . 4 1 . Assault 6 | . . 2 . . . . . . . . . . . . . . . 2 . . . . . . . 1 . 1 . . . . . . . . . . . . Garrison . | . . . . . . . . . . . . . . . . . . . . . . . . . . . . . . . . . . . . . . . . . Intercept . | . . . . . . . . . . . . . . . . . . . . . . . . . . . . . . . . . . . . . . . . . Searches Triggered . | . . . . . . . . . . . . . . . . . . . . . . . . . . . . . . . . . . . . . . . . . Data Miner Redirects 3 | . . . . . . . . . . . . . . . . . . . . . . . . 2 . . . . 1 . . . . . . . . . . . Construction Impeded 4 | . . . . . . . . . . . . . . . . . 1 2 . . . . . . . . . . . . 1 . . . . . . . . . Haulers Reinforced 8 | . . . . . . . . 2 . 1 . . . . . . 1 . . . . . . . . . . . 1 . . . . . . . . 3 . . Active Scanning Responses . | . . . . . . . . . . . . . . . . . . . . . . . . . . . . . . . . . . . . . . . . . Cargo Convoy Interrupts . | . . . . . . . . . . . . . . . . . . . . . . . . . . . . . . . . . . . . . . . . . Stealth | -11 -10 -10 -9 -9 -9 -8 -8 -7 -7 -7 -7 -7 -7 -6 -6 -6 -6 -6 -6 -6 -6 -5 -5 -5 -5 -5 -5 -4 -4 -4 -4 -4 -4 -4 -3 -3 -3 -2 -2 -1 --------- Run | Yrd Mat Min Mat Min Exi Min Mat Fac Was Fac Low Low Dat Pro Fac Was Fac Ext Cet Arc Hub Fac Was Fac Upp Upp War Pro Fac Was Fac Upp Upp Zhi Pro Res Tes Res Qua Acc Distress Signals 35 | . 3 . 2 . . . 1 5 . . . . . . 1 . 3 1 1 . . . . . . . 3 . 1 . 3 . . . . 4 1 6 . . Communications Jammed 49 | . . . . . . . . . . . . . . . . . . 8 . . . . . 8 . . . . . . . . . . . 15 . . . 18 Distress Signals 48 | . . . . . . . . . . . . . . . . . . 8 . . . . . 8 . . . . . . . . . . . 14 . . . 18 Times Spotted 508 | . 30 11 53 7 . 4 12 42 6 8 . . . 8 14 . 16 36 12 8 11 5 6 26 . 26 54 33 10 . 6 . 1 . 4 21 8 13 6 11 Peak Tracking Total 16 | . 3 4 7 3 . 4 3 7 6 4 . . . 4 3 . 4 5 5 1 8 4 6 9 . 8 11 10 4 . 4 . 1 . 5 12 7 16 5 10 Tactical Retreats 63 | . . . 4 1 . . 1 9 . 2 . . . 4 2 . . 1 2 . 2 1 . 8 . 7 4 5 4 . . . . . . 2 . 2 . 2 Traps | -11 -10 -10 -9 -9 -9 -8 -8 -7 -7 -7 -7 -7 -7 -6 -6 -6 -6 -6 -6 -6 -6 -5 -5 -5 -5 -5 -5 -4 -4 -4 -4 -4 -4 -4 -3 -3 -3 -2 -2 -1 ------- Run | Yrd Mat Min Mat Min Exi Min Mat Fac Was Fac Low Low Dat Pro Fac Was Fac Ext Cet Arc Hub Fac Was Fac Upp Upp War Pro Fac Was Fac Upp Upp Zhi Pro Res Tes Res Qua Acc Traps Triggered 19 | . . . 1 . . . . 4 . . . . . . 1 . 1 2 . . 1 1 . 2 . . 1 . 3 . 1 . . . . 1 . . . . Indirectly 1 | . . . . . . . . . . . . . . . . . . 1 . . . . . . . . . . . . . . . . . . . . . . Trap Hack Attempts 32 | . . . 32 . . . . . . . . . . . . . . . . . . . . . . . . . . . . . . . . . . . . . Triggered . | . . . . . . . . . . . . . . . . . . . . . . . . . . . . . . . . . . . . . . . . . Disarmed . | . . . . . . . . . . . . . . . . . . . . . . . . . . . . . . . . . . . . . . . . . Reprogrammed 2 | . . . 2 . . . . . . . . . . . . . . . . . . . . . . . . . . . . . . . . . . . . . Reused . | . . . . . . . . . . . . . . . . . . . . . . . . . . . . . . . . . . . . . . . . . Traps Extracted . | . . . . . . . . . . . . . . . . . . . . . . . . . . . . . . . . . . . . . . . . . Installed . | . . . . . . . . . . . . . . . . . . . . . . . . . . . . . . . . . . . . . . . . . Triggered . | . . . . . . . . . . . . . . . . . . . . . . . . . . . . . . . . . . . . . . . . . Most Traps Carried 2 | . . . . . . . . . . . . . . 2 2 2 2 2 2 2 2 . . . . . . . . . . . . . . . . . . . Machines | -11 -10 -10 -9 -9 -9 -8 -8 -7 -7 -7 -7 -7 -7 -6 -6 -6 -6 -6 -6 -6 -6 -5 -5 -5 -5 -5 -5 -4 -4 -4 -4 -4 -4 -4 -3 -3 -3 -2 -2 -1 ---------- Run | Yrd Mat Min Mat Min Exi Min Mat Fac Was Fac Low Low Dat Pro Fac Was Fac Ext Cet Arc Hub Fac Was Fac Upp Upp War Pro Fac Was Fac Upp Upp Zhi Pro Res Tes Res Qua Acc Machines Disabled 25 | . 1 . . . . . . 2 . . . . . . 1 . 2 2 3 1 . . . 3 . . 1 . 2 . 1 . . . . 2 1 . 2 1 Max in Single Turn 1 | . 1 . . . . . . 1 . . . . . . 1 . . . 1 1 . . . 1 . . 1 . 1 . . . . . . 1 1 . 1 1 Garrison Access 7 | . . . . . . . . 1 . . . . . . 1 . 1 . . . 1 . . 1 . . . . . . 1 . . . . . 1 . . . Network Hub 2 | . . . . . . . . . . . . . . . . . . . . . 2 . . . . . . . . . . . . . . . . . . . Energy Cycler 1 | . . . . . . . . . . . . . . . . . . . . . . . . . . . . . . . . . . . . . . . . 1 Machines Repaired . | . . . . . . . . . . . . . . . . . . . . . . . . . . . . . . . . . . . . . . . . . Machines Dismantled . | . . . . . . . . . . . . . . . . . . . . . . . . . . . . . . . . . . . . . . . . . Machines Sabotaged 1 | . . . . . . . . . . . . . . . . . . . . . 1 . . . . . . . . . . . . . . . . . . . Overloaded Fab Kills . | . . . . . . . . . . . . . . . . . . . . . . . . . . . . . . . . . . . . . . . . . Hacking | -11 -10 -10 -9 -9 -9 -8 -8 -7 -7 -7 -7 -7 -7 -6 -6 -6 -6 -6 -6 -6 -6 -5 -5 -5 -5 -5 -5 -4 -4 -4 -4 -4 -4 -4 -3 -3 -3 -2 -2 -1 --------- Run | Yrd Mat Min Mat Min Exi Min Mat Fac Was Fac Low Low Dat Pro Fac Was Fac Ext Cet Arc Hub Fac Was Fac Upp Upp War Pro Fac Was Fac Upp Upp Zhi Pro Res Tes Res Qua Acc Machines Accessed 174 | . 9 1 16 2 1 . 5 26 . 2 . 1 4 1 10 . 20 4 1 . 10 4 . 10 . 1 2 . 10 . 10 . 1 4 . 7 4 1 4 3 Terminals 93 | . 7 1 10 1 . . 4 13 . . . . . 1 4 . 10 4 1 . 8 2 . 3 . . . . 6 . 4 . . . . 5 3 1 3 2 Fabricators 15 | . . . . . . . . 2 . 2 . . . . 2 . 3 . . . . . . 2 . . . . 1 . 2 . . . . 1 . . . . Repair Stations 13 | . . . 2 . . . 1 2 . . . . . . 1 . 2 . . . . . . 2 . . . . 1 . 2 . . . . . . . . . Recycling Units 15 | . 2 . 2 . . . . 4 . . . . . . . . 1 . . . . 2 . 1 . . . . 1 . 1 . . . . 1 . . . . Scanalyzers 13 | . . . 2 . . . . 3 . . . . . . 2 . 3 . . . . . . 1 . . . . 1 . . . . . . . . . 1 . Garrison Access 10 | . . . . . . . . 2 . . . . . . 1 . 1 . . . 2 . . 1 . . . . . . 1 . . . . . 1 . . 1 Total Hacks 547 | . 32 2 49 6 1 . 16 57 . 7 . 1 22 1 34 . 56 11 3 . 22 17 . 62 . 1 5 . 31 . 33 . 1 17 . 17 12 8 15 8 Successful 301 | . 14 . 30 3 1 . 9 33 . 3 . 1 22 1 21 . 40 5 . . 10 9 . 31 . 1 5 . 16 . 13 . 1 17 . 4 3 2 6 . Failed 242 | . 17 2 19 3 . . 7 24 . 4 . . . . 13 . 15 6 3 . 12 8 . 30 . . . . 14 . 20 . . . . 13 9 6 9 8 Catastrophic 40 | . 3 2 2 1 . . . 7 . . . . . . 1 . 2 . . . 2 1 . 2 . . . . 1 . 5 . . . . 4 1 2 1 3 Database Lockouts 4 | . 1 . . . . . . . . . . . . . . . 1 . . . . . . 1 . . . . 1 . . . . . . . . . . . Manual 173 | . 19 2 12 4 . . 8 17 . . . . . 1 6 . 14 4 1 . 12 8 . 11 . . 1 . 7 . 17 . . . . 5 6 7 4 7 Terminals 303 | . 29 2 27 5 . . 12 32 . . . . . 1 10 . 22 11 3 . 19 13 . 23 . . . . 22 . 21 . . . . 15 10 8 11 7 Fabricators 44 | . . . . . . . . 5 . 7 . . . . 7 . 8 . . . . . . 10 . . . . 2 . 4 . . . . 1 . . . . Repair Stations 50 | . . . 8 . . . 4 4 . . . . . . 3 . 4 . . . . . . 17 . . . . 4 . 6 . . . . . . . . . Recycling Units 25 | . 3 . 4 . . . . 5 . . . . . . . . 4 . . . . 4 . 2 . . . . 1 . 1 . . . . 1 . . . . Scanalyzers 59 | . . . 10 . . . . 8 . . . . . . 12 . 16 . . . . . . 7 . . . . 2 . . . . . . . . . 4 . Garrison Access 17 | . . . . . . . . 3 . . . . . . 2 . 2 . . . 3 . . 3 . . . . . . 1 . . . . . 2 . . 1 Terminal Hacks 143 | . 10 . 9 3 1 . 3 13 . . . 1 22 1 2 . 13 2 . . 6 6 . 9 . 1 5 . 6 . 5 . 1 17 . 2 1 . 4 . Record 21 | . . . . . 1 . . . . . . . 7 1 . . . . . . . . . . . . 4 . . . . . . 5 . . . . 3 . Part Schematic 21 | . 1 . . . . . . 3 . . . . 8 . . . . 1 . . 1 2 . . . . . . . . . . . 4 . 1 . . . . Robot Schematic 4 | . . . . . . . . . . . . . 4 . . . . . . . . . . . . . . . . . . . . . . . . . . . Robot Analysis 15 | . 3 . 3 1 . . . . . . . . . . . . 1 . . . . 1 . 2 . . . . . . . . . 4 . . . . . . Prototype ID Bank 11 | . 1 . 3 . . . . . . . . . 3 . . . . . . . . . . . . . . . . . . . . 4 . . . . . . Open Door 6 | . . . . 1 . . . . . . . 1 . . . . 1 . . . . . . . . 1 1 . . . . . 1 . . . . . . . Open DSF 1 | . . . . . . . . . . . . . . . . . . . . . . . . . . . . . 1 . . . . . . . . . . . Level Access Points 2 | . . . . . . . . . . . . . . . . . . . . . 1 . . . . . . . . . . . . . . . 1 . . . Branch Access Points 8 | . . . . . . . . 1 . . . . . . 1 . 1 . . . . 1 . 1 . . . . 1 . 1 . . . . 1 . . . . Emergency Access Points 3 | . . . . . . . . 2 . . . . . . . . . . . . 1 . . . . . . . . . . . . . . . . . . . Machine Index 1 | . . . . . . . . . . . . . . . . . 1 . . . . . . . . . . . . . . . . . . . . . . . Terminal Index 3 | . . . . . . . . . . . . . . . . . 1 . . . 1 . . 1 . . . . . . . . . . . . . . . . Scanalyzer Index 1 | . . . . . . . . . . . . . . . . . . . . . . . . . . . . . . . . . . . . . . . 1 . Unreport Threat 15 | . 2 . 1 . . . . 1 . . . . . . 1 . 4 . . . 1 2 . . . . . . . . 3 . . . . . . . . . Locate Traps 10 | . 2 . 1 . . . 1 2 . . . . . . . . 1 . . . 1 . . 1 . . . . 1 . . . . . . . . . . . Patrol Status 2 | . . . . 1 . . . . . . . . . . . . . . . . . . . 1 . . . . . . . . . . . . . . . . Transport Status 2 | . . . . . . . . 2 . . . . . . . . . . . . . . . . . . . . . . . . . . . . . . . . Investigation Status 1 | . . . . . . . . . . . . . . . . . 1 . . . . . . . . . . . . . . . . . . . . . . . Recall Investigation 5 | . . . . . . . . . . . . . . . . . 1 1 . . . . . 3 . . . . . . . . . . . . . . . . Recall Extermination 1 | . . . . . . . . . . . . . . . . . . . . . . . . . . . . . . . 1 . . . . . . . . . Hauler Manifests 6 | . . . 1 . . . 1 2 . . . . . . . . 1 . . . . . . . . . . . 1 . . . . . . . . . . . Registered Components 2 | . . . . . . . 1 . . . . . . . . . . . . . . . . . . . . . 1 . . . . . . . . . . . Zone Layout 2 | . 1 . . . . . . . . . . . . . . . . . . . . . . . . . . . 1 . . . . . . . . . . . Fabricator Hacks 24 | . . . . . . . . 5 . 3 . . . . 3 . 5 . . . . . . 5 . . . . 1 . 1 . . . . 1 . . . . Network Status 8 | . . . . . . . . 1 . 1 . . . . 1 . 1 . . . . . . 1 . . . . 1 . 1 . . . . 1 . . . . Load Schematic 7 | . . . . . . . . 2 . 1 . . . . . . 2 . . . . . . 2 . . . . . . . . . . . . . . . . Build 9 | . . . . . . . . 2 . 1 . . . . 2 . 2 . . . . . . 2 . . . . . . . . . . . . . . . . Repair Station Hacks 37 | . . . 8 . . . 2 3 . . . . . . 2 . 4 . . . . . . 10 . . . . 4 . 4 . . . . . . . . . Scan Component 20 | . . . 4 . . . 1 2 . . . . . . 1 . 2 . . . . . . 6 . . . . 2 . 2 . . . . . . . . . Repair 17 | . . . 4 . . . 1 1 . . . . . . 1 . 2 . . . . . . 4 . . . . 2 . 2 . . . . . . . . . Recycling Unit Hacks 9 | . . . . . . . . 3 . . . . . . . . 1 . . . . 2 . 1 . . . . 1 . 1 . . . . . . . . . Retrieve Components 9 | . . . . . . . . 3 . . . . . . . . 1 . . . . 2 . 1 . . . . 1 . 1 . . . . . . . . . Scanalyzer 43 | . . . 9 . . . . 5 . . . . . . 10 . 13 . . . . . . 4 . . . . 1 . . . . . . . . . 1 . Insert Component 14 | . . . 3 . . . . 2 . . . . . . 1 . 6 . . . . . . 2 . . . . . . . . . . . . . . . . Analyze 13 | . . . 3 . . . . 1 . . . . . . 2 . 6 . . . . . . 1 . . . . . . . . . . . . . . . . Retrieve Study 16 | . . . 3 . . . . 2 . . . . . . 7 . 1 . . . . . . 1 . . . . 1 . . . . . . . . . 1 . Garrison Access Hacks 7 | . . . . . . . . 1 . . . . . . 1 . 1 . . . 1 . . 1 . . . . . . 1 . . . . . 1 . . . Seal Access 7 | . . . . . . . . 1 . . . . . . 1 . 1 . . . 1 . . 1 . . . . . . 1 . . . . . 1 . . . Unauthorized Hacks 38 | . 4 . 4 . . . 4 3 . . . . . . 3 . 3 3 . . 3 1 . 1 . . . . 3 . 1 . . . . 1 1 2 1 . Terminals 31 | . 2 . 3 . . . 4 2 . . . . . . 3 . 2 3 . . 3 . . . . . . . 3 . 1 . . . . 1 1 2 1 . Assimilate 3 | . . . . . . . 1 . . . . . . . . . . . . . . . . . . . . . 1 . . . . . . 1 . . . . Botnet 21 | . 2 . 3 . . . 1 1 . . . . . . 3 . 2 2 . . 2 . . . . . . . 1 . 1 . . . . . 1 1 1 . Disrupt 5 | . . . . . . . 2 1 . . . . . . . . . 1 . . . . . . . . . . 1 . . . . . . . . . . . Operators 1 | . . . . . . . . . . . . . . . . . . . . . . . . . . . . . . . . . . . . . . 1 . . Sabotage 1 | . . . . . . . . . . . . . . . . . . . . . 1 . . . . . . . . . . . . . . . . . . . Fabricators . | . . . . . . . . . . . . . . . . . . . . . . . . . . . . . . . . . . . . . . . . . Repair Stations . | . . . . . . . . . . . . . . . . . . . . . . . . . . . . . . . . . . . . . . . . . Recycling Units 7 | . 2 . 1 . . . . 1 . . . . . . . . 1 . . . . 1 . 1 . . . . . . . . . . . . . . . . Reject 4 | . . . . . . . . 1 . . . . . . . . 1 . . . . 1 . 1 . . . . . . . . . . . . . . . . Tunnel 3 | . 2 . 1 . . . . . . . . . . . . . . . . . . . . . . . . . . . . . . . . . . . . . Scanalyzers . | . . . . . . . . . . . . . . . . . . . . . . . . . . . . . . . . . . . . . . . . . Garrison Access . | . . . . . . . . . . . . . . . . . . . . . . . . . . . . . . . . . . . . . . . . . Data Cores Recovered 2 | . 1 . 1 . . . . . . . . . . . . . . . . . . . . . . . . . . . . . . . . . . . . . Used . | . . . . . . . . . . . . . . . . . . . . . . . . . . . . . . . . . . . . . . . . . Hacking Detections 128 | . 7 1 15 1 . . 5 23 . 2 . . . . 9 . 16 4 1 . 7 3 . 6 . . . . 6 . 6 . . . . 6 4 1 2 3 Full Trace Events 18 | . . . 1 1 . . 1 3 . 1 . . . . 2 . 2 1 1 . . . . 3 . . . . 1 . . . . . . 1 . . . . Feedback Events . | . . . . . . . . . . . . . . . . . . . . . . . . . . . . . . . . . . . . . . . . . Feedback Blocked . | . . . . . . . . . . . . . . . . . . . . . . . . . . . . . . . . . . . . . . . . . Robot Schematics Acquired 4 | . . . . . . . . . . . . . 4 . . . . . . . . . . . . . . . . . . . . . . . . . . . Robots Built . | . . . . . . . . . . . . . . . . . . . . . . . . . . . . . . . . . . . . . . . . . Authchips . | . . . . . . . . . . . . . . . . . . . . . . . . . . . . . . . . . . . . . . . . . Time . | . . . . . . . . . . . . . . . . . . . . . . . . . . . . . . . . . . . . . . . . . Total Robot Build Rating . | . . . . . . . . . . . . . . . . . . . . . . . . . . . . . . . . . . . . . . . . . Part Schematics Acquired 29 | . 1 . 3 . . . . 3 . . . . 8 . 1 . 4 1 . . 1 2 . 1 . . . . . . . . . 4 . . . . . . Parts Built 14 | . . . . . . . . 4 . 1 . . . . 2 . 4 . . . . . . 3 . . . . . . . . . . . . . . . . Authchips . | . . . . . . . . . . . . . . . . . . . . . . . . . . . . . . . . . . . . . . . . . Time 557 | . . . . . . . . 109 . 53 . . . . 166 . 126 . . . . . . 103 . . . . . . . . . . . . . . . . Total Part Build Rating 71 | . . . . . . . . 12 . 6 . . . . 16 . 20 . . . . . . 17 . . . . . . . . . . . . . . . . Part Studies Acquired 16 | . . . 3 . . . . 2 . . . . . . 7 . 1 . . . . . . 1 . . . . 1 . . . . . . . . . 1 . Parts Repaired 17 | . . . 4 . . . 1 1 . . . . . . 1 . 2 . . . . . . 4 . . . . 2 . 2 . . . . . . . . . Time 884 | . . . 104 . . . 51 60 . . . . . . 22 . 96 . . . . . . 293 . . . . 100 . 158 . . . . . . . . . Parts Recycled . | . . . . . . . . . . . . . . . . . . . . . . . . . . . . . . . . . . . . . . . . . Recycled Matter . | . . . . . . . . . . . . . . . . . . . . . . . . . . . . . . . . . . . . . . . . . Retrieved Matter . | . . . . . . . . . . . . . . . . . . . . . . . . . . . . . . . . . . . . . . . . . Retrieved Components 32 | . . . . . . . . 15 . . . . . . . . 1 . . . . 4 . 8 . . . . 2 . 2 . . . . . . . . . Parts Scanalyzed 11 | . . . 3 . . . . 1 . . . . . . 1 . 5 . . . . . . 1 . . . . . . . . . . . . . . . . Part Schematics Acquired 9 | . . . 3 . . . . . . . . . . . 1 . 4 . . . . . . 1 . . . . . . . . . . . . . . . . Parts Damaged 2 | . . . . . . . . . . . . . . . 1 . 1 . . . . . . . . . . . . . . . . . . . . . . . Bothacking | -11 -10 -10 -9 -9 -9 -8 -8 -7 -7 -7 -7 -7 -7 -6 -6 -6 -6 -6 -6 -6 -6 -5 -5 -5 -5 -5 -5 -4 -4 -4 -4 -4 -4 -4 -3 -3 -3 -2 -2 -1 ------------ Run | Yrd Mat Min Mat Min Exi Min Mat Fac Was Fac Low Low Dat Pro Fac Was Fac Ext Cet Arc Hub Fac Was Fac Upp Upp War Pro Fac Was Fac Upp Upp Zhi Pro Res Tes Res Qua Acc Used RIF Installer . | . . . . . . . . . . . . . . . . . . . . . . . . . . . . . . . . . . . . . . . . . Robots Hacked 7 | . . . 1 . 4 . . . . . . . . . 2 . . . . . . . . . . . . . . . . . . . . . . . . . Non-combat 6 | . . . 1 . 3 . . . . . . . . . 2 . . . . . . . . . . . . . . . . . . . . . . . . . Combat 1 | . . . . . 1 . . . . . . . . . . . . . . . . . . . . . . . . . . . . . . . . . . . Robot Hacks Applied 7 | . . . 1 . 4 . . . . . . . . . 2 . . . . . . . . . . . . . . . . . . . . . . . . . parse_system 4 | . . . . . 4 . . . . . . . . . . . . . . . . . . . . . . . . . . . . . . . . . . . no_distress 1 | . . . 1 . . . . . . . . . . . . . . . . . . . . . . . . . . . . . . . . . . . . . find_chute 2 | . . . . . . . . . . . . . . . 2 . . . . . . . . . . . . . . . . . . . . . . . . . Relay Couplers Released . | . . . . . . . . . . . . . . . . . . . . . . . . . . . . . . . . . . . . . . . . . Fabnet Peak Effective % . | . . . . . . . . . . . . . . . . . . . . . . . . . . . . . . . . . . . . . . . . . Robots Rewired 22 | . . . . . . . . . . . . . . . . . . 16 . . . . . . . 1 5 . . . . . . . . . . . . . Allies Hacked 1 | . . . . . . . . . . . . . . . . . . 1 . . . . . . . . . . . . . . . . . . . . . . Hacks Repelled . | . . . . . . . . . . . . . . . . . . . . . . . . . . . . . . . . . . . . . . . . . Allies | -11 -10 -10 -9 -9 -9 -8 -8 -7 -7 -7 -7 -7 -7 -6 -6 -6 -6 -6 -6 -6 -6 -5 -5 -5 -5 -5 -5 -4 -4 -4 -4 -4 -4 -4 -3 -3 -3 -2 -2 -1 -------- Run | Yrd Mat Min Mat Min Exi Min Mat Fac Was Fac Low Low Dat Pro Fac Was Fac Ext Cet Arc Hub Fac Was Fac Upp Upp War Pro Fac Was Fac Upp Upp Zhi Pro Res Tes Res Qua Acc Total Allies 83 | . . 1 . 3 . . 1 . . . . . . . . 20 . 27 3 . . . . . . 1 5 . 1 20 . . . . . 1 . . . . Largest Group 20 | . . 1 . 3 3 3 3 1 . . . . . . . 20 20 14 9 2 1 . . . . 1 5 . 1 20 20 . . . . 1 . . . . Highest-Rated Group 792 | . . 31 . 40 40 40 40 10 . . . . . . . 792 792 582 448 220 89 . . . . 30 261 . 26 773 773 . . . . 26 . . . . Highest-Rated Ally 159 | . . 31 . 16 16 16 16 10 . . . . . . . 50 50 159 134 131 89 . . . . 30 68 . 26 50 50 . . . . 26 . . . . Total Orders 9 | . . . . . . . . . . . . . . . . . . . 1 . 1 . . . . . 6 . . . . . . . . 1 . . . . STAY 5 | . . . . . . . . . . . . . . . . . . . 1 . 1 . . . . . 3 . . . . . . . . . . . . . FOLLOW 3 | . . . . . . . . . . . . . . . . . . . . . . . . . . . 3 . . . . . . . . . . . . . EXPLORE 1 | . . . . . . . . . . . . . . . . . . . . . . . . . . . . . . . . . . . . 1 . . . . Ally Attacks 733 | . . 15 . . . 7 17 . . . . . . . . . 173 266 77 11 2 . . . . 5 44 . . . 116 . . . . . . . . . Total Damage 19320 | . . 256 . . . 85 107 . . . . . . . . . 4712 5318 2271 438 95 . . . . 58 2144 . . . 3836 . . . . . . . . . Kills 134 | . . 4 . . . 2 1 . . . . . . . . . 41 36 10 1 1 . . . . 1 14 . . . 23 . . . . . . . . . Allies Corrupted . | . . . . . . . . . . . . . . . . . . . . . . . . . . . . . . . . . . . . . . . . . Allies Melted 3 | . . . . . . . . . . . . . . . . . 1 2 . . . . . . . . . . . . . . . . . . . . . . Intel | -11 -10 -10 -9 -9 -9 -8 -8 -7 -7 -7 -7 -7 -7 -6 -6 -6 -6 -6 -6 -6 -6 -5 -5 -5 -5 -5 -5 -4 -4 -4 -4 -4 -4 -4 -3 -3 -3 -2 -2 -1 ------- Run | Yrd Mat Min Mat Min Exi Min Mat Fac Was Fac Low Low Dat Pro Fac Was Fac Ext Cet Arc Hub Fac Was Fac Upp Upp War Pro Fac Was Fac Upp Upp Zhi Pro Res Tes Res Qua Acc Active Infowar (turns) 18083 | 19 1020 891 346 . . . . 1268 34 263 324 318 37 1059 783 203 911 1213 398 34 290 371 64 1311 416 1370 635 227 708 183 382 332 278 114 556 857 78 505 115 170 Optics 848 | . . . . . . . . 848 . . . . . . . . . . . . . . . . . . . . . . . . . . . . . . . . Sensors 13640 | . . . . . . . . 1144 34 260 321 314 37 1059 783 203 808 886 256 2 290 371 64 1004 414 678 480 . 708 183 382 332 278 114 556 811 78 505 115 170 Terrain 2051 | . . . . . . . . . . . . . . . . . . . . . . . . 31 354 1086 6 227 345 . . . . . . . . 2 . . Structural 467 | . . . . . . . . . . . . . . . . . . . . . . . . . . . . . . . . . . . . . . 183 114 170 Seismic 2276 | 19 1020 891 346 . . . . . . . . . . . . . . . . . . . . . . . . . . . . . . . . . . . . . Machine Analysis 978 | . . . . . . . . 46 34 263 324 311 . . . . . . . . . . . . . . . . . . . . . . . . . . . . Cloaking 4 | . . . . . . . . . . . . . . . . . . . . . . . . . . . 3 . . 1 . . . . . . . . . . Jamming 2686 | . . . . . . . . . . . . . . . . . 103 327 389 32 . . . 1172 10 204 146 22 . . . . . . . 111 . . . 170 ECM 14 | . . . . . . . . 13 . . . . . . . . . . . . . . . . . . . . 1 . . . . . . . . . . . Robot Analysis Total 15 | . 3 . 3 1 . . . . . . . . . . . . 1 . . . . 1 . 2 . . . . . . . . . 4 . . . . . . Derelict Logs Recovered 10 | . . 2 . 2 . . . . . . 2 1 . 1 . . . . . . . . . . . 2 . . . . . . . . . . . . . . Drone Launches 2 | . . . . . . . . . . . . . . . . . . . . . . . . . . . . . . . . . . . . 2 . . . . Drone Recoveries . | . . . . . . . . . . . . . . . . . . . . . . . . . . . . . . . . . . . . . . . . . Exploration | -11 -10 -10 -9 -9 -9 -8 -8 -7 -7 -7 -7 -7 -7 -6 -6 -6 -6 -6 -6 -6 -6 -5 -5 -5 -5 -5 -5 -4 -4 -4 -4 -4 -4 -4 -3 -3 -3 -2 -2 -1 ------------- Run | Yrd Mat Min Mat Min Exi Min Mat Fac Was Fac Low Low Dat Pro Fac Was Fac Ext Cet Arc Hub Fac Was Fac Upp Upp War Pro Fac Was Fac Upp Upp Zhi Pro Res Tes Res Qua Acc Turns Passed 29850 | 56 1286 1010 2491 1334 415 1057 653 2298 34 263 324 318 38 1072 960 203 976 1263 487 3187 354 372 64 1311 416 1659 1104 244 808 183 387 334 353 120 571 976 79 505 115 170 Spaces Moved 26789 | 32 572 504 1335 714 202 520 287 2168 70 316 634 613 77 1108 1546 331 1558 1284 435 632 492 312 117 1280 702 1472 1212 314 914 221 462 593 688 162 595 1168 97 496 195 359 Core 263 | . . . . . . . . . . . . . . . . . . . . 263 . . . . . . . . . . . . . . . . . . . . Treads 2820 | . 475 337 . 592 202 520 287 407 . . . . . . . . . . . . . . . . . . . . . . . . . . . . . . . . Legs 307 | 32 97 167 11 . . . . . . . . . . . . . . . . . . . . . . . . . . . . . . . . . . . . . Wheels 1446 | . . . 1324 122 . . . . . . . . . . . . . . . . . . . . . . . . . . . . . . . . . . . . Hover 21953 | . . . . . . . . 1761 70 316 634 613 77 1108 1546 331 1558 1284 435 369 492 312 117 1280 702 1472 1212 314 914 221 462 593 688 162 595 1168 97 496 195 359 Flight . | . . . . . . . . . . . . . . . . . . . . . . . . . . . . . . . . . . . . . . . . . Fastest Speed 21 | 120 120 160 120 120 200 200 160 48 48 45 48 48 48 40 35 35 21 41 49 49 37 37 49 37 48 36 40 53 42 43 38 38 38 38 38 34 48 32 31 31 Average Speed 75 | 120 153 172 124 177 200 200 160 76 48 48 48 48 48 45 36 35 36 42 56 439 48 48 49 56 48 52 54 56 51 43 47 40 38 47 38 43 54 54 37 39 Slowest Speed 950 | 120 160 240 190 200 200 200 160 280 48 108 108 48 108 105 95 35 94 102 109 950 49 49 49 111 48 118 118 127 111 43 115 108 38 109 38 97 58 94 38 87 Overloaded Moves 367 | . . . . . . . . . . . . . . 5 . . 4 . . . 24 16 . 49 . 127 2 89 23 . . . . . . 13 . 9 1 5 Propulsion Burnouts . | . . . . . . . . . . . . . . . . . . . . . . . . . . . . . . . . . . . . . . . . . Robots Hopped . | . . . . . . . . . . . . . . . . . . . . . . . . . . . . . . . . . . . . . . . . . Potential Cave-ins 9 | . . . . . . . . . . . . . . 2 . . . . . . . . . . . 2 . . . . . . . . 4 . . . . 1 Cave-ins Triggered 1 | . . . . . . . . . . . . . . . . . . . . . . . . . . . . . . . . . . . 1 . . . . . Teleports 2 | . . . . . . . . . . . . . . . . . . . . . . . . . . . . . . . . . . . . . . . 2 . Exploration Rate (%) 59 | 3 90 95 95 96 55 97 30 61 85 6 82 69 68 78 36 96 41 85 77 97 39 5 90 28 88 88 90 64 25 93 18 71 83 61 58 21 23 19 35 16 Regions Visited 40 Branch Regions 22 Pre-discovered Areas 10 | . 2 1 1 . 1 . . . . . 1 . 1 . . . . . . . . . . . . . . . . . . . . 3 . . . . . . Known Exits Taken 26 | . . . . . . 1 1 . . 1 1 1 1 1 . . 1 1 1 1 1 . . 1 1 1 1 1 . . 1 1 1 1 1 1 1 1 1 . Unknown Exits Taken 6 | 1 1 1 1 1 1 . . . . . . . . . . . . . . . . . . . . . . . . . . . . . . . . . . . Scrap Searched 25 | . . 2 . 2 . 1 . . . . 2 3 . 2 . . . . . . . . . . 3 3 . 2 . . . 2 3 . . . . . . . Spaces Dug 240 | . . . 11 . . . . 35 . 12 . 1 . 25 12 . 20 2 1 . 4 13 . 17 . 14 . . 19 . 3 3 5 . 16 18 3 3 3 . Terrain Destroyed 648 | . . . 11 . . . . 38 . 12 10 1 . 31 12 . 24 43 6 . 6 13 . 60 8 133 3 18 49 . 6 5 18 . 76 24 4 9 3 25 Melee 180 | . . . 1 . . . . 35 . 12 . 1 . 24 12 . 15 2 1 . 4 11 . 8 . . . . 15 . 1 2 5 . 11 17 . 1 2 . Projectile 217 | . . . . . . . . 3 . . . . . 7 . . 9 . . . 2 2 . 39 3 31 3 6 10 . 5 3 13 . 65 3 4 8 1 . AOE 245 | . . . 10 . . . . . . . 10 . . . . . . 37 5 . . . . 13 5 102 . 12 24 . . . . . . 2 . . . 25 Terrain Rammed . | . . . . . . . . . . . . . . . . . . . . . . . . . . . . . . . . . . . . . . . . . Walls Destroyed . | . . . . . . . . . . . . . . . . . . . . . . . . . . . . . . . . . . . . . . . . . Machines Disabled . | . . . . . . . . . . . . . . . . . . . . . . . . . . . . . . . . . . . . . . . . . Actions | -11 -10 -10 -9 -9 -9 -8 -8 -7 -7 -7 -7 -7 -7 -6 -6 -6 -6 -6 -6 -6 -6 -5 -5 -5 -5 -5 -5 -4 -4 -4 -4 -4 -4 -4 -3 -3 -3 -2 -2 -1 --------- Run | Yrd Mat Min Mat Min Exi Min Mat Fac Was Fac Low Low Dat Pro Fac Was Fac Ext Cet Arc Hub Fac Was Fac Upp Upp War Pro Fac Was Fac Upp Upp Zhi Pro Res Tes Res Qua Acc Total 34533 | 38 809 604 1938 756 211 526 403 2573 69 399 643 631 77 1627 1874 419 1899 1835 648 1000 576 514 123 1763 763 2291 1610 344 1184 306 620 671 740 190 859 1547 116 720 230 387 Wait 5046 | . 89 58 312 12 . . 56 125 . 43 . . . 466 228 67 229 310 152 307 49 185 2 347 36 712 267 . 172 65 112 53 4 . 190 253 . 134 2 9 Move 26752 | 31 571 503 1334 713 201 519 286 2168 69 315 633 612 76 1107 1546 330 1557 1283 434 631 491 312 116 1279 701 1471 1211 313 914 220 461 592 687 161 593 1167 96 495 195 358 Hop . | . . . . . . . . . . . . . . . . . . . . . . . . . . . . . . . . . . . . . . . . . Pick Up 254 | . 19 6 38 5 . . 3 29 . 3 . 2 . 1 11 5 16 1 6 3 1 . 1 10 2 10 12 2 13 5 6 2 2 3 . 8 4 12 7 6 Fast Attach 187 | 1 . 3 5 1 . . 3 19 . 3 . 5 . 2 3 . 8 2 6 10 . 1 1 16 2 4 19 . 11 . 10 3 2 6 . 9 5 24 3 . Attach 117 | . 2 . 9 2 . . 1 16 . 1 . . . 2 6 . 4 . 3 5 . 1 . 10 1 4 4 3 9 2 4 1 . . . 10 2 3 2 10 Detach 68 | . 2 . 3 . . . . 8 . 1 . 1 . 2 4 . 1 1 4 5 . 1 1 5 . 1 7 . 3 . 4 . . . . 4 3 6 1 . Swap 341 | . 13 3 42 2 3 . 6 31 . 6 5 2 1 6 20 5 10 25 7 4 15 1 1 18 4 28 14 5 10 3 3 4 10 1 1 21 . 5 6 . Drop 363 | . 14 7 41 7 1 . 8 43 . 8 . 5 . 3 10 6 20 4 11 5 3 . 1 14 4 10 26 . 12 7 12 5 7 8 . 21 . 29 8 3 Fire 914 | 6 98 22 119 14 6 5 40 68 . . . 1 . 13 12 . 15 141 17 17 10 2 . 53 13 48 26 18 13 . 5 5 18 . 63 28 6 10 1 1 Melee 345 | . . . 2 . . . . 57 . 19 5 3 . 25 34 . 39 6 8 13 7 11 . 10 . . . 2 27 3 3 6 10 11 11 26 . 2 5 . Ram 3 | . . . 1 . . . . . . . . . . . . . . . . . . . . 1 . . . 1 . . . . . . . . . . . . Kick 2 | . . 2 . . . . . . . . . . . . . . . . . . . . . . . . . . . . . . . . . . . . . . Crush 4 | . 1 . . . . 2 . 1 . . . . . . . . . . . . . . . . . . . . . . . . . . . . . . . . Escape Stasis 19 | . . . . . . . . 8 . . . . . . . . . 10 . . . . . . . . . . . . . . . . 1 . . . . . Rewire 86 | . . . . . . . . . . . . . . . . 6 . 52 . . . . . . . 3 24 . . 1 . . . . . . . . . . Trap 32 | . . . 32 . . . . . . . . . . . . . . . . . . . . . . . . . . . . . . . . . . . . . Miscellaneous . | . . . . . . . . . . . . . . . . . . . . . . . . . . . . . . . . . . . . . . . . . Route ------- -11/Scrapyard -10/Materials (discovered 5 exits: *Mat x2 / *Min x2 / *Sub) -10/Mines (discovered 3 exits: *Mat x2 / Sub) -9/Materials (discovered 6 exits: *Mat x3 / *Min / [*Sto x2]) -9/Mines (discovered 3 exits: *Mat x2 / *Exi) -9/Exiles (discovered 2 exits: [*Min x2]) -8/Mines (discovered 2 exits: *Mat x2) -8/Materials -7/Factory (discovered 6 exits: *Fac x4 / Low x2) -7/Waste -7/Factory -7/Lower Caves -7/Lower Caves (discovered 2 exits: *Fac / *Dat) -7/Data Miner -6/Proximity Caves -6/Factory (discovered 5 exits: *Fac / Low x2 / Ext x2) -6/Waste -6/Factory (discovered 5 exits: *Fac / *Low x2 / *Ext x2) -6/Extension (discovered 2 exits: *Fac / *Cet) -6/Cetus (discovered 2 exits: *Fac / *Arc) -6/Archives (discovered 3 exits: *Fac / *Hub x2) -6/Hub_04(d) (discovered 4 exits: *Fac x4) -5/Factory (discovered 2 exits: Upp x2) -5/Waste -5/Factory (discovered 3 exits: *Fac / *Upp x2) -5/Upper Caves -5/Upper Caves (discovered 2 exits: *Fac / *War) -5/Warlord -4/Proximity Caves -4/Factory (discovered 3 exits: *Res x2 / Upp) -4/Waste -4/Factory (discovered 3 exits: *Res / *Upp x2) -4/Upper Caves -4/Upper Caves (discovered 2 exits: *Res / *Zhi) -4/Zhirov -3/Proximity Caves -3/Research (discovered 4 exits: *Res / Arm / *Tes x2) -3/Testing -2/Research -2/Quarantine -1/Access To Epsilon Eridani History --------- Turn | Location | Event 18 | -11/Scrapyard | Discovered new exit (range 1) 57 | -11/Scrapyard | Entered Materials 366 | -10/Materials | Discovered new exit (range 9) 377 | -10/Materials | Build established: Mutant 742 | -10/Materials | Discovered new exit (range 11) 856 | -10/Materials | Discovered new exit (range 15) 869 | -10/Materials | Central database locked down 869 | -10/Materials | Discovered new exit (range 17) 1152 | -10/Materials | Discovered new exit (range 15) 1343 | -10/Materials | Entered Mines 1375 | -10/Mines | Found a Scrap Suit stashed away for nefarious purposes 1681 | -10/Mines | Learned 4 Materials zone layouts 1771 | -10/Mines | Received a Rocket Launcher from a helpful Derelict 1857 | -10/Mines | Discovered new exit (range 11) 1964 | -10/Mines | Discovered new exit (range 9) 2013 | -10/Mines | Met a Derelict testing a Signal Generator 2232 | -10/Mines | Identified exit to Subcaves 2240 | -10/Mines | Learned location of Storage (-9) 2272 | -10/Mines | Build established: Scavenger-Mutant 2353 | -10/Mines | Entered Materials 2353 | -9/Materials | Evolved 2 slots: Propulsion x1, Utility x1 2354 | -9/Materials | Identified exit to Materials 2854 | -9/Materials | Discovered exit to Materials (range 8) 2889 | -9/Materials | Discovered new exit (range 10) 3720 | -9/Materials | Discovered exit to Materials (range 13) 3896 | -9/Materials | Repaired Lgt. Treads+ 4233 | -9/Materials | Core integrity fell below 50% 4470 | -9/Materials | Build established: Mutant 4672 | -9/Materials | Repaired Lgt. Armor Plating 4699 | -9/Materials | Repaired Lgt. Treads+ 4726 | -9/Materials | Repaired Lrg. Storage Unit 4745 | -9/Materials | Discovered new exit (range 6) 4807 | -9/Materials | Discovered new exit (range 6) 4844 | -9/Materials | Entered Mines 4890 | -9/Mines | Learned Materials terminal intel 4890 | -9/Mines | Discovered exit to Materials (range 12) 5118 | -9/Mines | Met a Derelict bent on vengeance 5276 | -9/Mines | Met a Derelict shopkeep closing up shop 5401 | -9/Mines | Assisted by bots powering up and referring to "LRC-V3" 5433 | -9/Mines | Deemed a non-threat by the Exiles lab entrance 5433 | -9/Mines | Discovered new exit (range 5) 5521 | -9/Mines | Discovered exit to Materials (range 4) 5881 | -9/Mines | Learned location of 1 exit from Materials 6178 | -9/Mines | Entered Exiles 6178 | -9/Exiles | Accompanied by 3 allies 6204 | -9/Exiles | Discovered new exit (range 15) 6232 | -9/Exiles | Met 8R-AWN 6265 | -9/Exiles | Met EX-HEX 6328 | -9/Exiles | Met EX-BIN 6371 | -9/Exiles | Met EX-DEC 6391 | -9/Exiles | Learned location of Zion (-6) 6571 | -9/Exiles | Discovered new exit (range 12) 6593 | -9/Exiles | Entered Mines 6593 | -8/Mines | Accompanied by 3 allies 7055 | -8/Mines | Discovered exit to Materials (range 14) 7189 | -8/Mines | Discovered exit to Materials (range 14) 7650 | -8/Mines | Entered Materials 7650 | -8/Materials | Accompanied by 3 allies 7650 | -8/Materials | Evolved 2 slots: Propulsion x1, Utility x1 7651 | -8/Materials | Identified exit to Factory 7652 | -8/Materials | Loaded intel: 11 terminal locations 7727 | -8/Materials | Repaired Imp. Medium Laser 7824 | -8/Materials | Lost 3 allies 7948 | -8/Materials | Build established: Scavenger-Mutant 8303 | -8/Materials | Entered Factory 8303 | -7/Factory | Accompanied by 1 ally 8303 | -7/Factory | Evolved 2 slots: Utility x2 8486 | -7/Factory | Found Prototype Launcher 8486 | -7/Factory | Identified Rocket Array 8738 | -7/Factory | Found Rocket Array 9338 | -7/Factory | Identified exit to Lower Caves 9410 | -7/Factory | Discovered new exit (range 12) 9529 | -7/Factory | Discovered new exit (range 8) 9722 | -7/Factory | Lost 3 parts (3n) 9795 | -7/Factory | Repaired Enh. Autogun? 9945 | -7/Factory | Build established: Hacker-Scout 10232 | -7/Factory | Discovered new exit (range 7) 10234 | -7/Factory | Identified exit to Factory 10278 | -7/Factory | System corruption reached 10% 10351 | -7/Factory | Watched by a mysterious "MATRIX" hacker. 10483 | -7/Factory | Fabricated Airjet (x2) 10524 | -7/Factory | Fabricated Airjet? 10595 | -7/Factory | Discovered exit to Factory (range 13) 10601 | -7/Factory | Sucked down chute 10601 | -7/Factory | Entered Waste 10603 | -7/Waste | Spotted C-40 Crusher 10616 | -7/Waste | Spotted C-40 Crusher 10616 | -7/Waste | Spotted C-40 Crusher 10617 | -7/Waste | Spotted C-40 Crusher 10628 | -7/Waste | Discovered new exit (range 12) 10628 | -7/Waste | Spotted C-40 Crusher 10628 | -7/Waste | Spotted C-40 Crusher 10634 | -7/Waste | Identified exit to Factory 10635 | -7/Waste | Entered Factory 10742 | -7/Factory | Discovered exit to Lower Caves (range 13) 10844 | -7/Factory | Fabricated Imp. Powered Armor (x1) 10898 | -7/Factory | Entered Lower Caves 11064 | -7/Lower Caves | Identified exit to Lower Caves 11222 | -7/Lower Caves | Entered another Lower Caves area 11251 | -7/Lower Caves | Discovered exit to Factory (range 2) 11371 | -7/Lower Caves | Learned Factory trap positions 11373 | -7/Lower Caves | Entered a destroyed Warlord outpost 11420 | -7/Lower Caves | Discovered new exit (range 8) 11430 | -7/Lower Caves | Found Alien Artifact 11430 | -7/Lower Caves | Identified Core Expander 11430 | -7/Lower Caves | Installed Core Expander, added new Power slot 11540 | -7/Lower Caves | Identified exit to Data Miner 11540 | -7/Lower Caves | Entered Data Miner 11540 | -7/Data Miner | Discovered new exit (range 6) 11550 | -7/Data Miner | Met Data Miner 11558 | -7/Data Miner | Learned location of Section 7 (-2) 11558 | -7/Data Miner | Acquired the access code to Warlord's prototype stash 11566 | -7/Data Miner | Received God Mode back door access code from Data Miner 11577 | -7/Data Miner | Identified exit to Proximity Caves 11578 | -7/Data Miner | Entered Proximity Caves 11615 | -6/Proximity Caves | Learned Factory garrison access intel 11840 | -6/Proximity Caves | Build established: Hacker-Mutant 12586 | -6/Proximity Caves | Attracted the attention of an 0b10 checkpoint 12638 | -6/Proximity Caves | Discovered exit to Factory (range 3) 12650 | -6/Proximity Caves | Entered Factory 12650 | -6/Factory | Evolved 2 slots: Propulsion x2 12651 | -6/Factory | Loaded intel: 81 trap records 12652 | -6/Factory | Loaded intel: 4 garrison access locations 12700 | -6/Factory | Identified exit to Lower Caves 12700 | -6/Factory | Identified exit to Extension 12822 | -6/Factory | Discovered new exit (range 14) 12923 | -6/Factory | Fabricated Cld. Antigrav System (x1) 13031 | -6/Factory | Repaired Imp. Medium Armor Plating 13334 | -6/Factory | Fabricated Com. HERF Cannon (x1) 13592 | -6/Factory | Build established: Scientist-Mutant 13610 | -6/Factory | Manually triggered Chute Trap 13610 | -6/Factory | Sucked down chute 13610 | -6/Factory | Entered Waste 13611 | -6/Waste | Joined by Warlord forces that had cleared the area 13687 | -6/Waste | Discovered new exit (range 15) 13793 | -6/Waste | Identified exit to Factory 13813 | -6/Waste | Entered Factory 13813 | -6/Factory | Accompanied by 20 allies 13816 | -6/Factory | Discovered exit to Lower Caves (range 13) 13884 | -6/Factory | Repaired Lrn. Sensor Array 13918 | -6/Factory | Central database locked down 14032 | -6/Factory | Repaired Hyp. Railgun 14178 | -6/Factory | Discovered new exit (range 5) 14180 | -6/Factory | Identified exit to Factory 14350 | -6/Factory | Targeted by mysterious "MATRIX" hacker. 14370 | -6/Factory | Fabricated Cmb. Airjet (x2) 14413 | -6/Factory | Fabricated Cmb. Airjet (x2) 14665 | -6/Factory | Build established: Hacker-Mutant 14789 | -6/Factory | Entered Extension 14789 | -6/Extension | Accompanied by 10 allies 14957 | -6/Extension | Rescued a captive Derelict 14958 | -6/Extension | Rescued a captive Derelict 15132 | -6/Extension | Lost 4 allies 15139 | -6/Extension | First assault squad dispatched 15189 | -6/Extension | Disrupted transfer network 15190 | -6/Extension | Lost 3 allies 15228 | -6/Extension | Rescued A7 15262 | -6/Extension | Rescued a captive Derelict 15268 | -6/Extension | Rescued a captive Derelict 15269 | -6/Extension | Rescued a captive Derelict 15564 | -6/Extension | Spotted B-75 Beast 15581 | -6/Extension | Destroyed B-75 Beast 15609 | -6/Extension | Spotted B-75 Beast 15626 | -6/Extension | Allies destroyed B-75 Beast 15648 | -6/Extension | Rescued a captive Derelict 15649 | -6/Extension | Lost 4 allies 15760 | -6/Extension | Lost 3 allies 15821 | -6/Extension | Rescued a captive Derelict 15821 | -6/Extension | Rescued a captive Derelict 15824 | -6/Extension | Rescued a captive Derelict 15827 | -6/Extension | Rescued a captive Derelict 15881 | -6/Extension | Rescued a captive Derelict 15962 | -6/Extension | Lost 3 allies 15973 | -6/Extension | Discovered exit to Factory (range 10) 15974 | -6/Extension | Discovered new exit (range 6) 15989 | -6/Extension | Identified exit to Cetus 16052 | -6/Extension | Entered Cetus 16052 | -6/Cetus | Accompanied by 9 allies (A7) 16057 | -6/Cetus | Acquired a Cetus Manufacturing Module code from A7 16063 | -6/Cetus | Spotted Cetus Guard 16065 | -6/Cetus | Spotted Cetus Guard 16074 | -6/Cetus | Spotted Cetus Guard 16075 | -6/Cetus | Spotted Cetus Guard 16077 | -6/Cetus | Allies destroyed Cetus Guard 16096 | -6/Cetus | Destroyed Cetus Guard 16121 | -6/Cetus | Lost 6 allies 16180 | -6/Cetus | Started Cetus Manufacturing Module 16205 | -6/Cetus | Manufactured an Enhanced Grunt 16213 | -6/Cetus | System corruption reached 10% 16230 | -6/Cetus | Manufactured an Enhanced Grunt 16255 | -6/Cetus | Manufactured an Enhanced Grunt 16266 | -6/Cetus | Cetus Manufacturing Module disabled 16343 | -6/Cetus | Escorted A7 to Cetus Mainframe 16362 | -6/Cetus | Discovered new exit (range 16) 16399 | -6/Cetus | Spotted Cetus Guard 16399 | -6/Cetus | Spotted Cetus Guard 16403 | -6/Cetus | Spotted Cetus Guard 16410 | -6/Cetus | Spotted Cetus Guard 16429 | -6/Cetus | Destroyed Cetus Guard 16445 | -6/Cetus | Allies destroyed Cetus Guard 16456 | -6/Cetus | Found Prototype Device 16456 | -6/Cetus | Identified Exp. Thermal Shield 16460 | -6/Cetus | Discovered exit to Factory (range 15) 16463 | -6/Cetus | Met Revision 17 16486 | -6/Cetus | Identified exit to Archives 16539 | -6/Cetus | Entered Archives 16539 | -6/Archives | Accompanied by 2 allies (A7) 16545 | -6/Archives | Received a hacking code to weaken MAIN.C 16657 | -6/Archives | Build established: Machinist-Mutant 16706 | -6/Archives | Discovered exit to Factory (range 14) 16730 | -6/Archives | Unable to access archive contents 16748 | -6/Archives | Discovered new exit (range 16) 16802 | -6/Archives | Discovered new exit (range 15) 17108 | -6/Archives | Build established: Scavenger-Mutant 17212 | -6/Archives | Identified exit to Hub_04(d) 19726 | -6/Archives | Entered Hub_04(d) 19726 | -6/Hub_04(d) | Accompanied by 1 ally 20039 | -6/Hub_04(d) | Discovered exit to Factory (range 5) 20049 | -6/Hub_04(d) | Allied Derelicts emerged from ambush trap array 20051 | -6/Hub_04(d) | Network Hub disabled 20076 | -6/Hub_04(d) | Network Hub disabled 20080 | -6/Hub_04(d) | Entered Factory 20080 | -5/Factory | Evolved 2 slots: Utility x2 20087 | -5/Factory | Identified exit to Upper Caves 20452 | -5/Factory | Sucked down chute 20452 | -5/Factory | Entered Waste 20469 | -5/Waste | Spotted C-40 Crusher 20475 | -5/Waste | Spotted C-40 Crusher 20475 | -5/Waste | Spotted C-40 Crusher 20475 | -5/Waste | Spotted C-40 Crusher 20482 | -5/Waste | Spotted C-40 Crusher 20487 | -5/Waste | Spotted C-40 Crusher 20503 | -5/Waste | Discovered new exit (range 14) 20516 | -5/Waste | Identified exit to Factory 20516 | -5/Waste | Entered Factory 20535 | -5/Factory | Central database locked down 20758 | -5/Factory | Fabricated Cmb. Gravmag System? 20766 | -5/Factory | Discovered new exit (range 9) 20783 | -5/Factory | Identified exit to Factory 21111 | -5/Factory | Incoming investigation squad redirected 21131 | -5/Factory | Fabricated Gravity Neutralizer? 21142 | -5/Factory | Repaired Broken Lrn. Sensor Array 21200 | -5/Factory | Lost 4 parts (2p2u) 21515 | -5/Factory | Repaired Cld. Antigrav System 21555 | -5/Factory | Build established: Hacker-Mutant 21573 | -5/Factory | Repaired Imp. Powered Armor 21660 | -5/Factory | Repaired Broken Lrn. Sensor Array 21684 | -5/Factory | Incoming investigation squad redirected 21827 | -5/Factory | Entered Upper Caves 21946 | -5/Upper Caves | Encountered a Warlord checkpoint 22182 | -5/Upper Caves | Build established: Scavenger-Scout 22220 | -5/Upper Caves | Discovered new exit (range 15) 22231 | -5/Upper Caves | Identified exit to Upper Caves 22243 | -5/Upper Caves | Entered another Upper Caves area 22275 | -5/Upper Caves | Discovered exit to Factory (range 11) 22435 | -5/Upper Caves | Learned 4 Factory zone layouts 22579 | -5/Upper Caves | Attracted the attention of an 0b10 checkpoint 22595 | -5/Upper Caves | Attracted the attention of an 0b10 outpost 22630 | -5/Upper Caves | Found DCF Scrap (11 items) 22684 | -5/Upper Caves | Learned 4 Factory zone layouts 22757 | -5/Upper Caves | Lost 3 parts (2n1u) 22985 | -5/Upper Caves | Build established: Scavenger-Mutant 23884 | -5/Upper Caves | Discovered new exit (range 13) 23900 | -5/Upper Caves | Identified exit to Warlord 23902 | -5/Upper Caves | Entered Warlord 23923 | -5/Warlord | System corruption cleaned by Quarantine Array 23943 | -5/Warlord | Build established: Hacker-Mutant 23963 | -5/Warlord | Discovered new exit (range 14) 23969 | -5/Warlord | Identified exit to Proximity Caves 24186 | -5/Warlord | Met Warlord 24211 | -5/Warlord | Warlord's base attacked by MAIN.C 24277 | -5/Warlord | Opened Warlord's prototype stash 24280 | -5/Warlord | Found Prototype Reactor 24280 | -5/Warlord | Identified Vortex Chain Reactor 24285 | -5/Warlord | Found Prototype Device 24285 | -5/Warlord | Identified Exp. Cloaking Device 24289 | -5/Warlord | Found Prototype Hackware 24289 | -5/Warlord | Identified Ghost Barrier 24292 | -5/Warlord | Found Prototype Processor 24292 | -5/Warlord | Identified Exp. Target Analyzer 24361 | -5/Warlord | Found Prototype Energy Cannon 24494 | -5/Warlord | Warlord forces counterattacked 24578 | -5/Warlord | Identified Vortex Driver 24583 | -5/Warlord | Spotted Striker 24635 | -5/Warlord | Lost 8 allies 24721 | -5/Warlord | Spotted Executioner 24732 | -5/Warlord | Spotted Striker 24754 | -5/Warlord | Allies destroyed Striker 24773 | -5/Warlord | Lost 8 allies 24804 | -5/Warlord | Found Prototype Device 24804 | -5/Warlord | Identified Adv. Kinecellerator 24822 | -5/Warlord | Spotted Striker 24830 | -5/Warlord | Allies destroyed Striker 24886 | -5/Warlord | Warlord base infiltrated, sounded retreat 24886 | -5/Warlord | Lost 5 allies 24935 | -5/Warlord | Spotted Executioner 24957 | -5/Warlord | Spotted Striker 24981 | -5/Warlord | Spotted Executioner 24989 | -5/Warlord | Lost 3 allies 25004 | -5/Warlord | Attacked by Warlord forces 25006 | -5/Warlord | Entered Proximity Caves 25107 | -4/Proximity Caves | Build established: Scavenger-Mutant 25143 | -4/Proximity Caves | Attracted the attention of an 0b10 outpost 25233 | -4/Proximity Caves | Spotted B-86 Titan 25249 | -4/Proximity Caves | Discovered exit to Factory (range 3) 25250 | -4/Proximity Caves | Entered Factory 25250 | -4/Factory | Evolved 2 slots: Propulsion x1, Utility x1 25251 | -4/Factory | Identified exit to Research 25271 | -4/Factory | Lost 6 parts (2n2u2w) 25292 | -4/Factory | Identified exit to DSF 25398 | -4/Factory | Central database locked down 25466 | -4/Factory | Identified exit to Upper Caves 25476 | -4/Factory | Found Quantum Capacitor 25586 | -4/Factory | Incoming investigation squad redirected 25627 | -4/Factory | Repaired Cmb. Airjet+ 25679 | -4/Factory | Repaired Cmb. Airjet+ 25925 | -4/Factory | Discovered exit to Research (range 13) 26058 | -4/Factory | Sucked down chute 26058 | -4/Factory | Entered Waste 26059 | -4/Waste | Joined by Warlord forces that had cleared the area 26170 | -4/Waste | Discovered new exit (range 12) 26175 | -4/Waste | Identified exit to Factory 26241 | -4/Waste | Entered Factory 26241 | -4/Factory | Accompanied by 20 allies 26361 | -4/Factory | Repaired Cld. Antigrav System 26411 | -4/Factory | Discovered exit to Research (range 11) 26464 | -4/Factory | Repaired Cmb. Airjet+ 26628 | -4/Factory | Entered Upper Caves 26631 | -4/Upper Caves | Lost 3 allies 26876 | -4/Upper Caves | Discovered new exit (range 5) 26877 | -4/Upper Caves | Identified exit to Upper Caves 26962 | -4/Upper Caves | Entered another Upper Caves area 26981 | -4/Upper Caves | Discovered exit to Research (range 7) 27286 | -4/Upper Caves | Discovered new exit (range 10) 27302 | -4/Upper Caves | Identified exit to Zhirov 27315 | -4/Upper Caves | Entered Zhirov 27315 | -4/Zhirov | Discovered new exit (range 3) 27316 | -4/Zhirov | Identified exit to Proximity Caves 27324 | -4/Zhirov | Met Zhirov 27332 | -4/Zhirov | Learned location of Quarantine (-2) 27332 | -4/Zhirov | Learned location of Testing (-3) 27332 | -4/Zhirov | Learned location of Command (-1) 27339 | -4/Zhirov | Zhirov requested help retrieving the SGEMP Prototype 27347 | -4/Zhirov | Found Alien Artifact 27353 | -4/Zhirov | Found Alien Artifact 27353 | -4/Zhirov | Identified Integrated Reactor 27353 | -4/Zhirov | Installed Integrated Reactor, increased core energy generation (+10) 27435 | -4/Zhirov | Entered Proximity Caves 27991 | -3/Proximity Caves | Crushed by falling debris 28004 | -3/Proximity Caves | Discovered exit to Research (range 8) 28006 | -3/Proximity Caves | Attracted the attention of an 0b10 checkpoint 28006 | -3/Proximity Caves | Entered Research 28006 | -3/Research | Evolved 2 slots: Propulsion x1, Utility x1 28022 | -3/Research | Lost 3 parts (3u) 28320 | -3/Research | Spotted B-86 Titan 28908 | -3/Research | System corruption reached 10% 28966 | -3/Research | Identified exit to Armory 28966 | -3/Research | Identified exit to Testing 28980 | -3/Research | Discovered new exit (range 15) 28982 | -3/Research | Entered Testing 29012 | -3/Testing | Lost 14 parts (3p3n6u2w) 29028 | -3/Testing | Identified exit to Research 29061 | -3/Testing | Entered Research 29061 | -2/Research | Warlord forces began assault on 0b10 29061 | -2/Research | Evolved 2 slots: Power x1, Propulsion x1 29171 | -2/Research | Research machine network offline 29207 | -2/Research | Build established: Mutant 29347 | -2/Research | Spotted B-90 Cyclops 29372 | -2/Research | Found Prototype Device 29372 | -2/Research | Identified Imp. Particle Accelerator 29448 | -2/Research | Found Prototype Device 29448 | -2/Research | Identified Exp. Shock Absorption System 29475 | -2/Research | Found Exp. Shock Absorption System 29502 | -2/Research | Spotted J5-1BX(B) 29502 | -2/Research | Spotted QY-EEL(B) 29508 | -2/Research | Spotted 52-Q5F(B) 29509 | -2/Research | Spotted W6-XXC(D) 29509 | -2/Research | Spotted 36-G5D(K) 29544 | -2/Research | Spotted YL-Z4K(g) 29545 | -2/Research | Borebot progress halted 29563 | -2/Research | Discovered new exit (range 8) 29565 | -2/Research | Identified exit to Quarantine 29565 | -2/Research | Borebot progress halted 29566 | -2/Research | Entered Quarantine 29571 | -2/Quarantine | Found Alien Reactor 29571 | -2/Quarantine | Identified Matter Drive 29589 | -2/Quarantine | Found Alien Artifact 29589 | -2/Quarantine | Identified Hpw. Transdimensional Reconstructor 29589 | -2/Quarantine | Warped through subspace 29615 | -2/Quarantine | Identified Transdimensional Reconstructor 29615 | -2/Quarantine | Warped through subspace 29673 | -2/Quarantine | Build established: Scavenger-Scout 29674 | -2/Quarantine | Found Alien Artifact 29677 | -2/Quarantine | Discovered new exit (range 6) 29679 | -2/Quarantine | Identified exit to Access 29681 | -2/Quarantine | Entered Access 29681 | -1/Access | Evolved 2 slots: Utility x2 29832 | -1/Access | Energy Cycler disabled 29840 | -1/Access | Discovered new exit (range 6) 29842 | -1/Access | Identified exit to Surface 29842 | -1/Access | Identified Subatomic Replicator 29843 | -1/Access | Used Subatomic Replicator to replicate Enh. Nova Cannon+ 29851 | *** | Escaped! Last Messages --------------- 29841_ Penetrated by Slug. 29842_ EXIT=IDENTIFIED: SURFACE 29842_ Identified Subatomic Replicator. 29842_ Unable to initiate replication process, detached Subatomic Replicator. 29842_ Dropped Enh. Nova Cannon+. 29843_ Replicated Enh. Nova Cannon+. 29844_ Acquired Enh. Nova Cannon+. 29844_ Penetrated by Slug. 29844_ Imp. Reaction Control System destroyed. 29844_ Slug penetrates Terminal. 29845_ Slug penetrates Sealed Heavy Doors. 29845_ Penetrated by Slug. 29845_ Acquired Enh. Nova Cannon+. 29846_ Adv. Heat Sink destroyed. 29848_ Slug penetrates Sealed Heavy Doors. 29848_ Penetrated by Slug. 29848_ Antigrav Array destroyed. 29849_ Penetrated by Slug. 29849_ Slug penetrates Sealed Heavy Doors. Map ----- +----------------------------------------------------+ | ????????????????????????????????## # | | ????????????????????????????????## # | | ????????????????????????????????## # | | ????????????????????????????????## " " | | ???????????????????????????????### """ " | | ???????????????????????????????### """ # | | ???????????????????????????????##" " # | | ???????????????????????????????### # | | ???????????????????????????????### # | | ????????????? ################ #### | | ?????????????##+###################"+############# | | ????????????? w =%=* !*! | | ?????????????? [[! %! w=| | | ???????????????????## ph "#"#"##"+"####"##### | | ???????????????????## ph h""# ### ## | | ???????????????????## ""##### ## | | ???????????????????## T##### ## | | ???????????????????## ""##?## ## | | ??????????????????### "### " ## | | ??????????????????### ""### " ## | | ??????????????????## ## " ## | | ??????????????????### ### " ## | | ??????????????????### ### " ## | | ???????????????????## ### " ## | | ???????????????????## ## " ## | | ???????????????????## @" ### " ## | | ???????????????????## "" ###"""""""""####??? | | ???????????????????## ### ??? | | ???????????????????## ##??? ????????? | | ???????????????????## ##????????????????? | | ???????????????????##""""""""""##????????????????? | | ???????????????????##"????????"##????????????????? | | ?????????????????????????????????????????????????? | | ?????????????????????????????????????????????????? | | ?????????????????????????????????????????????????? | | ?????????????????????????????????????????????????? | | ?????????????????????????????????????????######### | | ????????????????????????????????????????? ######## | | ????????????????????????????????????????? # ] | | ????????????????????????????????????????? # | | ????????????????????????????????????????? + | | ????????????????????????????????????????? # | | ????????????????????????????????????????? # ! | | ????????????????????????????????????????? ######## | | ????????????????????????????????????????? | | ???????????????????????????????????????????????? | | ???????????????????????????????????????????????? | | ???????????????????????????????????????????????? | | ???????????????????????????????????????????????? # | | ???????????????????????????????????????????????? # | +----------------------------------------------------+ Best States ------------- Heat Dissipation 106 Coolant Potential 100 Energy Generation 75 Energy Capacity 860 Matter Stores 300 Matter Capacity 300 Sight Range 22 Robot Scan Range 18 Terrain Scan Range 24 Terrain Scan Density 210 ECM Strength 2 Jamming Range 16 Base Temperature (-) 200 Corruption Containment 8 Armor Coverage 625 Resistance: KI 10 Propulsion Shielding 90 Weapon Shielding 90 Weapon Cycling 25 Phase Shifting 5 Evasion (%) 71 Targeting Accuracy 12 Melee Accuracy 6 Target Analysis 6 Core Analysis 6 Recoil Reduction 4 Particle Charging 40 Kinecelleration 50 Offensive Hacking 34 Defensive Hacking 20 Authchip Count 1 Trap Extractor Capacity 6 Item Schematics ----------------- Hcp. Storage Unit | -10/Materials | Hacked Lrg. Storage Unit | -9/Materials | Scanalyzed Hacking Suite | -9/Materials | Scanalyzed Airjet | -9/Materials | Scanalyzed Hyp. Gauss Rifle | -7/Factory | Hacked Imp. Hacking Suite | -7/Factory | Hacked Imp. Powered Armor | -7/Factory | Hacked Combat Drone Bay | -7/Data Miner | Free Lgt. Regenerative Plating | -7/Data Miner | Free Cld. Cesium-ion Thruster | -7/Data Miner | Free Gravity Neutralizer | -7/Data Miner | Free Imp. Lightning Gun | -7/Data Miner | Free Thunder Leg | -7/Data Miner | Free Imp. Focal Shield | -7/Data Miner | Free Mass Driver | -7/Data Miner | Free Cld. Antigrav System | -6/Factory | Scanalyzed Coil Gun | -6/Factory | Scanalyzed Exp. Propulsion Shielding | -6/Factory | Scanalyzed Cmb. Airjet | -6/Factory | Scanalyzed Hyp. Railgun | -6/Factory | Scanalyzed Lrn. Sensor Array | -6/Extension | Hacked Structural Scanner | -6/Hub_04(d) | Hacked Cmb. Gravmag System | -5/Factory | Hacked Adv. Hacking Suite | -5/Factory | Hacked Mic. Antimatter Reactor | -5/Factory | Scanalyzed Assault Drone Bay | -4/Zhirov | Free Exp. Heat Sink | -4/Zhirov | Free Exp. Optical Array | -4/Zhirov | Free Imp. Arc Thrower | -4/Zhirov | Free Robot Schematics ------------------ G-47 Trooper | -7/Data Miner | Free E-15 Imp | -7/Data Miner | Free Y-54 Guardian | -7/Data Miner | Free Y-64 Sentinel | -7/Data Miner | Free Fabricated ------------ Airjet | x2 | -7/Factory Airjet | x2 | -7/Factory Imp. Powered Armor | x1 | -7/Factory Cld. Antigrav System | x1 | -6/Factory | Preloaded Com. HERF Cannon | x1 | -6/Factory | Preloaded Cmb. Airjet | x2 | -6/Factory Cmb. Airjet | x2 | -6/Factory Cmb. Gravmag System | x2 | -5/Factory Gravity Neutralizer | x1 | -5/Factory Repaired ---------- Lgt. Treads | 65% | -9/Materials Lgt. Armor Plating | 70% | -9/Materials Lgt. Treads | 78% | -9/Materials Lrg. Storage Unit | 92% | -9/Materials Imp. Medium Laser | 73% | -8/Materials Enh. Autogun | 48% | -7/Factory Imp. Medium Armor Plating | 61% | -6/Factory Lrn. Sensor Array | 48% | -6/Factory Hyp. Railgun | 49% | -6/Factory Lrn. Sensor Array | 3% | -5/Factory | Broken Cld. Antigrav System | 11% | -5/Factory Imp. Powered Armor | 36% | -5/Factory Lrn. Sensor Array | 99% | -5/Factory | Broken Cmb. Airjet | 16% | -4/Factory Cmb. Airjet | 19% | -4/Factory Cld. Antigrav System | 50% | -4/Factory Cmb. Airjet | 50% | -4/Factory Studied --------- Imp. Hover Unit | -9/Materials | Hacked Lgt. Treads | -9/Materials | Hacked Rocket Launcher | -9/Materials | Hacked Gravmag System | -7/Factory | Hacked Power Maul | -7/Factory | Hacked Lgt. Fission Core | -6/Factory | Hacked Airjet | -6/Factory | Hacked Hvy. Machine Gun | -6/Factory | Hacked Gauss Cannon | -6/Factory | Hacked Fission Core | -6/Factory | Hacked Plasma Cannon | -6/Factory | Hacked Remote Datajack | -6/Factory | Hacked Coil Gun | -6/Factory | Hacked Cmb. Airjet | -5/Factory | Hacked Lgt. Antimatter Reactor | -4/Factory | Hacked Enh. Nova Cannon | -2/Quarantine | Hacked Alien Tech Used ----------------- Core Expander Integrated Reactor Matter Drive High-powered Transdimensional Reconstructor Transdimensional Reconstructor Subatomic Replicator Achievements -------------- Beloved DIY Cooler More Power To You Production Line Challenges ------------ None Game ------ Seed CoolantStructuralMatterbank Manual? 0 Play Time 07:18:36 Cumulative 110.4 hours Start 2026.02.13 @ 00:34:52 End 2026.02.17 @ 23:55:07 Sessions 25 Manual Loads 0 Difficulty Rogue Special Mode None Game No. 91 Rogue 91 Adventurer 0 Explorer 0 Win Type 0 Total 14 Types 11/0/1/1/0/0/0/1/0/0 Lore% 52 Gallery% 52 Achievement% 48 Wizard Run 0 Options --------- Layout 2 ASCII 0 Keyboard 1 Movement Numpad Keybinds 0 Fullscreen 2 Font 24/Terminus Map View 50x44 Zoom Use 0% Tactical HUD 1 Map Filters NONE Filters NONE Steam 1 RUN: 92652c4d-9637-4df2-b9cf-1f6a16d548f5